 Dungeon Crawl Stone Soup version 0.22-a0-299-g43f9854 (webtiles) character file.

1132317 sankara the Impregnable (level 27, -10/222 (239) HPs)
             Began as a Hill Orc Fighter on Mar 19, 2018.
             Was the Champion of the Shining One.
             Killed by the effects of Hell (27 damage)
             ... on level 7 of Tartarus on Mar 25, 2018.
             The game lasted 12:34:57 (127123 turns).

sankara the Impregnable (Hill Orc Fighter)        Turns: 127123, Time: 12:34:57

HP:   -10/222 (239) AC: 38    Str: 23 (27) XL:     27
MP:   12/39         EV: 23    Int: 24 (28) God:    the Shining One [******]
Gold: 10308         SH: 32    Dex: 15 (17) Spells: 3/59 levels left

rFire    + + +     SeeInvis +   a - +9 broad axe (holy)
rCold    + . .     Gourm    .   h - +6 large shield {reflect}
rNeg     + + +     Faith    .   d - +9 fire dragon scales of the Fiddle {rElec rF++ rC- Int+5 Dex+3}
rPois    .         Spirit   .   N - +2 helmet {Int+3}
rElec    +         Reflect  +   k - +1 cloak of Vampiric Thralls {rC+ rCorr MP+9}
rCorr    +         Harm     .   L - +2 pair of gloves "Fizin" {Int+2 Dex+3}
MR       +++..     Rnd*Rage +   o - +2 pair of boots {Fly} Stlth ++........Rnd*Tele +
                                P - amulet "Liovum" {Fragile Regen+ Int+3 Dex+5}
HPRegen  0.00/turn              O - ring of Ysmix {MR+ Int+4 SInv}
MPRegen  0.26/turn              z - ring of Xom's Recklessness {rF+ rC+ Str+4}

@: aura of abjuration, berserk cooldown, flying, hasted and slowed, glowing
A: talons 1, berserk 3, blurry vision 3, clumsy 2, deformed body, deterioration
2, dopey 2, frail 1, low mp 3, screaming 3, inhibited regeneration, teleportitis
3, weak 1, no potion heal 1, subdued magic 1, MP-powered wands
}: 6/15 runes: decaying, slimy, silver, obsidian, abyssal, gossamer
a: Divine Shield, Cleansing Flame, Summon Divine Warrior, Brand Weapon With Holy
Wrath, Renounce Religion, Stop Flying


You were on level 7 of Tartarus.
You worshipped the Shining One.
The Shining One was exalted by your worship.
You were very hungry.

You visited 15 branches of the dungeon, and saw 73 of its levels.
You visited the Abyss 13 times.
You also visited: Trove and Ice Cave.

You collected 13252 gold pieces.
You spent 2944 gold pieces at shops.

Inventory:

Hand Weapons
 a - a +9 broad axe of holy wrath (weapon)
   (Okawaru gifted it to you on level 4 of the Lair of Beasts)
 b - the +8 mithril axe "Arga" {speed, MR+}
   (Okawaru gifted it to you on level 3 of the Depths)

   Attacks with this weapon are significantly faster.
   It affects your resistance to hostile enchantments.
 c - a +9 blowgun
   (You took it off a kobold on level 11 of the Dungeon)
Missiles
 j - 13 throwing nets {=f, !d}
 F - 6 tomahawks of dispersal {=f}
 S - 19 poisoned javelins (quivered)
 Y - 16 needles of paralysis
Armour
 d - the +9 fire dragon scales of the Fiddle (worn) {rElec rF++ rC- Int+5 Dex+3}
   (You took it off a vault guard on level 5 of the Vaults)

   It affects your intelligence (+5).
   It affects your dexterity (+3).
   It greatly protects you from fire.
   It makes you vulnerable to cold.
   It insulates you from electricity.
 h - a +6 large shield of reflection (worn)
   (You took it off Louise on level 2 of the Swamp)
 k - the +1 cloak of Vampiric Thralls (worn) {rC+ rCorr MP+9}
   (You acquired it on level 1 of the Lair of Beasts)

   It protects you from cold.
   It affects your magic capacity (+9).
   It protects you from acid and corrosion.
 o - a +2 pair of boots of flying (worn)
   (Okawaru gifted it to you on level 3 of the Lair of Beasts)
 L - the +2 pair of gloves "Fizin" (worn) {Int+2 Dex+3}
   (You found it on level 2 of the Abyss)

   It affects your intelligence (+2).
   It affects your dexterity (+3).
 N - a +2 helmet of intelligence (worn)
   (You found it on level 3 of the Elven Halls)
Jewellery
 w - the ring "Qadeguj" {rPois rN+ SInv}
   (You acquired it on level 13 of the Dungeon)

   [ring of see invisible]

   It protects you from poison.
   It protects you from negative energy.
   It lets you see invisible.
 z - the ring of Xom's Recklessness (right hand) {rF+ rC+ Str+4}
   (You found it on level 3 of the Depths)

   [ring of protection from fire]

   It affects your strength (+4).
   It protects you from fire.
   It protects you from cold.
 O - the ring of Ysmix (left hand) {MR+ Int+4 SInv}
   (You found it on level 3 of the Crypt)

   [ring of protection from magic]

   It affects your intelligence (+4).
   It affects your resistance to hostile enchantments.
   It lets you see invisible.
 P - the amulet "Liovum" (around neck) {Fragile Regen+ Int+3 Dex+5}
   (You found it on level 15 of the Dungeon)

   [amulet of regeneration]

   It affects your intelligence (+3).
   It affects your dexterity (+5).
   It increases your rate of regeneration.
   It will be destroyed if unequipped.
Wands
 l - a wand of enslavement (39)
   (You found it on level 5 of the Vaults)
 A - a wand of digging (102)
   (You found it on level 4 of the Lair of Beasts)
 E - a wand of disintegration (45)
   (You found it on level 3 of the Depths)
 W - a wand of paralysis (55)
   (You found it on level 11 of the Dungeon)
 X - a wand of acid (32)
   (You found it on level 11 of the Dungeon)
Scrolls
 g - 14 scrolls of fog
 i - 9 scrolls of identify
 n - 28 scrolls of teleportation
 u - 6 scrolls of blinking {!r}
 x - 9 scrolls of fear
 D - 3 scrolls of holy word {!r}
 H - a scroll of summoning
 Q - 31 scrolls of remove curse
 U - 5 scrolls of magic mapping {!r}
Potions
 e - 10 potions of haste
 m - 11 potions of brilliance
 r - 12 potions of heal wounds
 s - 24 potions of curing
 v - 7 potions of resistance
 C - 11 potions of agility
 G - 5 potions of cancellation
 V - 9 potions of might
Miscellaneous
 t - a lamp of fire
   (You found it on level 4 of the Lair of Beasts)
 y - 7 phantom mirrors
 I - 4 boxes of beasts
 K - 4 sacks of spiders
 M - a fan of gales
   (You found it on level 3 of the Elven Halls)
 R - a phial of floods
   (You found it on level 1 of the Spider Nest)
 T - a lightning rod (4/4)
   (You found it on level 10 of the Dungeon)
Comestibles
 f - 85 rations


   Skills:
 - Level 25.0 Fighting
 + Level 22.3 Axes
 - Level 10.0 Throwing
 - Level 26.0 Armour
 + Level 19.8 Dodging
 - Level 15.0 Stealth
 - Level 25.0 Shields
 + Level 16.5 Spellcasting
 - Level 8.0 Charms
 - Level 25.0 Summonings
 - Level 4.0 Translocations
 - Level 25.0 Air Magic
 - Level 2.0 Earth Magic
 - Level 25.0 Invocations
 - Level 10.0 Evocations


You had 3 spell levels left.
You knew the following spells:

 Your Spells              Type           Power        Failure   Level  Hunger
a - Apportation           Tloc           ####..       1%          1    None
b - Blink                 Tloc           N/A          1%          2    None
d - Dragon's Call         Summ           #######...   16%         9    #######
e - Summon Butterflies    Summ           #######.     0%          1    None
f - Conjure Ball Lightni  Conj/Air       ######....   2%          6    ####...
g - Shroud of Golubria    Chrm/Tloc      #####.....   1%          2    None
i - Airstrike             Air            #######...   0%          4    None
j - Aura of Abjuration    Summ           #######...   0%          5    #......
l - Summon Lightning Spi  Summ/Air       #######.     0%          4    None
m - Deflect Missiles      Chrm/Air       ######....   1%          6    ####...
p - Passwall              Tmut/Erth      ###.......   3%          2    None
r - Recall                Summ/Tloc      N/A          0%          3    None
s - Swiftness             Chrm/Air       ######..     0%          2    None
t - Tornado               Air            #######...   16%         9    #######


Dungeon Overview and Level Annotations

Branches:
Dungeon (15/15)            Temple (1/1) D:7            Lair (6/6) D:8
  Swamp (4/4) Lair:2       Spider (4/4) Lair:3        Slime (5/5) Lair:5
    Orc (2/2) D:11            Elf (3/3) Orc:2        Vaults (5/5) D:13
  Crypt (3/3) Vaults:2       Tomb (0/3) Crypt:3      Depths (5/5) D:15
   Hell (1/1)                 Dis (0/7) Hell            Geh (7/7) Hell
    Coc (0/7) Hell            Tar (7/7) Hell            Zot (5/5) Depths:5

Altars:
Ashenzari
Cheibriados
Dithmenos
Elyvilon
Fedhas
Gozag
Hepliaklqana
Kikubaaqudgha
Makhleb
Nemelex Xobeh
Okawaru
Qazlal
Ru
Sif Muna
Trog
Uskayaw
Vehumet
Wu Jian
Xom
Yredelemnul
Zin
The Shining One
Jiyva

Shops:
D:8 !   D:12 %   Orc:2 ((%}   Elf:3 [   Vaults:4 (   Depths:1 %[   Depths:2 (**

Portals:
Hell: Depths:1 Depths:2 Depths:3 Depths:4 Depths:5
Abyss: Depths:4 Depths:5
Pandemonium: Depths:3
Ziggurat: Depths:3

Annotations:
Lair:2 exclusion: 2 upstairs
Tar:7 exclusion: 4 doors, Ereshkigal
Zot:3 exclusion: downstairs
Zot:5 1 exclusion


Innate Abilities, Weirdness & Mutations

You have sharp toenails.
You have an uncontrollable temper.
Scrolls take you much longer to read.
You are very clumsy. (Dex -4)
Armour fits poorly on your strangely shaped body.
Your body often deteriorates upon taking damage.
You are very dopey. (Int -4)
You are frail. (-10% HP)
Your magical capacity is extremely low. (-30% MP)
You frequently scream uncontrollably at your foes.
You do not regenerate when monsters are visible.
You are often teleported next to monsters.
You are weak. (Str -2)
Potions are less effective at restoring your health.
Your spells are a little easier to cast, but a little less powerful.
You expend magic power (3 MP) to strengthen your wands.


Message History

You are exhausted.
You feel yourself slow down.
There is an open door here.
You are feeling hungry.
Things that are here:
a robe; a falchion You see here a scythe of distortion {!w}.
You see here an antimagic scythe.
You are suddenly yanked towards some nearby monsters!
Your surroundings suddenly seem different.
You block Ereshkigal's attack. x2
A Tzitzimitl comes into view.
The Tzitzimitl roars!
You scream at Ereshkigal!
You scream at the Tzitzimitl!
A Tzitzimitl and Ereshkigal come into view.
Ereshkigal hits you. The Tzitzimitl gestures at you.
The bolt of negative energy misses you.
Ereshkigal gestures.
The Tzitzimitl calls on the powers of darkness!
Your body is wracked with pain!
The Tzitzimitl calls on the powers of darkness!
Your body is wracked with pain!
Your body deteriorates!
You feel weakened.
Casting: Aura of Abjuration (safe; 0% risk of failure)
Confirm with . or Enter, or press ? or * to list all spells.
You begin to abjure the creatures around you!
The Hell Sentinel disappears in a puff of smoke!
Ereshkigal gestures.
Ereshkigal completely misses you. You block the Tzitzimitl's attack. x2
The Tzitzimitl calls on the powers of darkness!
Your body is wracked with pain!
* * * LOW HITPOINT WARNING * * *
You are momentarily dazzled by a brilliant light.
You feel somewhat more hungry.
The Hell Sentinel disappears in a puff of smoke!
You block Ereshkigal's attack. The Tzitzimitl gestures at you.
The bolt of negative energy misses you. You block Ereshkigal's attack.
The Tzitzimitl gestures at you. The bolt of negative energy misses you.
You are momentarily dazzled by a brilliant light.
You feel somewhat more hungry. Ereshkigal gestures at you.
The bolt of cold hits you! You resist.
* * * LOW HITPOINT WARNING * * *
Your angel closely misses Ereshkigal.
Your angel hits Ereshkigal but does no damage.
You block Ereshkigal's attack. You block the Tzitzimitl's attack.
The Tzitzimitl closely misses you.
Your angel hits Ereshkigal with a whip of holy wrath!!
Ereshkigal convulses!!!
Your angel hits Ereshkigal but does no damage.
Ereshkigal gestures at you. You resist with almost no effort.
You are momentarily dazzled by a brilliant light.
You are feeling very hungry.
Your angel completely misses Ereshkigal.
Your angel hits Ereshkigal but does no damage.
Your angel completely misses Ereshkigal.
Your angel hits Ereshkigal but does no damage.
You block the Tzitzimitl's attack. The Tzitzimitl bites you!
* * * LOW HITPOINT WARNING * * *
You feel your flesh rotting away! Ereshkigal hits you but does no damage.
You block the Tzitzimitl's attack. The Tzitzimitl bites you.
* * * LOW HITPOINT WARNING * * *
Your angel hits Ereshkigal with a whip of holy wrath.
Ereshkigal convulses.
Your angel barely misses Ereshkigal.
Your angel hits Ereshkigal but does no damage.
Your angel hits Ereshkigal with a whip of holy wrath.
Ereshkigal convulses.
The Tzitzimitl barely misses you. You block the Tzitzimitl's attack.
Ereshkigal closely misses you.
A reaper comes into view. It is wielding a scythe of venom.
Okay, then.
You feel yourself speed up.
Your angel misses Ereshkigal.
Your angel barely misses Ereshkigal.
Your angel misses Ereshkigal.
Your angel hits Ereshkigal but does no damage.
You block Ereshkigal's attack. You block the Tzitzimitl's attack.
The Tzitzimitl barely misses you.
Your angel hits Ereshkigal with a whip of holy wrath!!
Ereshkigal convulses.
Your angel hits Ereshkigal with a whip of holy wrath!
Ereshkigal convulses.
Your angel hits Ereshkigal with a whip of holy wrath!
Ereshkigal convulses!
Your angel hits Ereshkigal but does no damage.
The Tzitzimitl gestures at you. The bolt of negative energy hits you!
You resist.
The bolt of negative energy hits your angel.
Your angel completely resists.
You block Ereshkigal's attack.
The Tzitzimitl calls on the powers of darkness!
Your body is wracked with pain!
* * * LOW HITPOINT WARNING * * *
Your angel convulses! x3
Your angel hits Ereshkigal with a whip of holy wrath!
Ereshkigal convulses.
Your angel misses Ereshkigal.
You suddenly feel all small and vulnerable.
You are blasted with magical energy!
You die...

#### #######************#######
...####.....#,,,,,,,,,,,,#)....##
##....###...#,##########,#...###[
.####...##..#'#A.......#+#..##..)
....###..##'##A&A.......*#'##.[##
###...##....#...@1......,#....##.
..###..##..##....1......,##.[##..
#...##..#..#............,,#..#..#
###..##.##.#............,,#[##.##
..##..#..#.#....##''##..,,#)#..#.
#..##.##.#.#...##....##.,,#.#.##.
##..#..#.#.##..#......#,,##.#.#..
.##.##.#.)..#.##......##,#..).#)#
.+...#.#....#,#........#,#)[..#)#


You could see Ereshkigal, 2 Tzitzimimeh and 3 friendly angels.

Vanquished Creatures
  the Royal Jelly (Slime:5)
  the Serpent of Hell (Geh:7)
  6 ancient liches
  4 orbs of fire
  Sojobo (Crypt:3)
  2 greater mummies (Crypt:3)
  5 Killer Klowns
  Geryon (Hell)
  Bai Suzhen (Depths:3)
  2 caustic shrikes (Depths:3)
  A curse toe (Zot:5)
  12 golden dragons
  Jory (Vaults:4)
  3 profane servitors
  57 Tzitzimimeh
  32 Brimstone Fiends
  25 liches
  49 bone dragons
  26 doom hounds
  Arachne (Spider:2)
  5 electric golems
  8 hellephants
  Jorgrun (Swamp:2)
  4 Hell Sentinels
  36 tentacled monstrosities
  2 Ice Fiends
  16 Orb Guardians (Zot:5)
  20 titans
  7 deep elf master archers
  9 quicksilver dragons
  24 acid blobs
  7 deep elf blademasters
  134 tentacled starspawn
  6 death cobs
  A kraken (Abyss:2)
  Kirke (D:15)
  A thorn hunter (Swamp:2)
  7 eldritch tentacles
  7 Executioners
  A sphinx (Vaults:5)
  An ancient champion (Crypt:2)
  6 tengu reavers
  The ghost of 4thArraOfDagon the Fencer, an adept FoWr of Cheibriados (Elf:3)
  7 draconian monks
  21 shadow dragons
  14 storm dragons
  Donald (Spider:4)
  3 daevas
  12 azure jellies
  5 revenants
  Roxanne (D:15)
  10 frost giants
  8 ghost moths
  5 emperor scorpions
  7 cacodemons
  An iron dragon (Depths:4)
  25 balrugs
  3 draconian scorchers
  16 fire giants
  Louise (Swamp:2)
  7 deep elf sorcerers
  6 draconian knights
  9 draconian shifters
  8 vault wardens
  An orc warlord (Vaults:4)
  Aizul (Swamp:2)
  3 ghouls (Crypt:2)
  10 deep elf elementalists
  An angel (Abyss:2)
  5 draconian stormcallers
  76 reapers
  4 draconian annihilators
  4 war gargoyles
  2 spriggan defenders (Depths:3)
  6 green draconians
  5 ophanim
  14 ironheart preservers
  5 entropy weavers
  57 very ugly things
  34 stone giants
  15 vampire knights
  The ghost of Ijustatesigmund the Octopoid Aeon, a journeyman OpFi of Cheibriados (Lair:6)
  5 dire elephants
  12 red draconians
  10 deep elf annihilators
  10 black draconians
  7 yellow draconians
  5 lorocyprocas
  12 purple draconians
  8 deep elf demonologists
  8 spark wasps
  9 white draconians
  19 eidola
  4 green deaths
  8 deep elf death magi
  A merfolk javelineer (Depths:5)
  16 fire dragons
  10 blizzard demons
  7 death oozes (Slime:5)
  10 ettins
  A fire dragon (shapeshifter) (Vaults:5)
  6 deep elf high priests (Elf:3)
  Harold (Orc:1)
  A spectral kraken (Tar:7)
  18 yaktaur captains
  23 great orbs of eyes
  8 quicksilver dragon zombies
  3 naga warriors
  17 ogre magi
  15 jiangshi
  9 quicksilver dragon skeletons
  8 ice dragons
  4 spriggan air magi
  12 hydras
  3 hell beasts
  30 vault guards
  15 rakshasas
  8 ghost crabs
  2 catoblepae
  An anaconda (Abyss:2)
  27 dancing weapons
  9 centaur warriors
  8 death knights
  48 two-headed ogres
  7 tengu warriors
  5 alligators
  8 death yaks
  7 deep troll shamans
  14 vampire magi
  61 hell hogs
  92 thrashing horrors
  11 titan zombies
  8 deep troll earth magi
  3 orc high priests (Orc:2)
  8 death scarabs (Spider:4)
  38 soul eaters
  8 spriggan berserkers
  A shock serpent (shapeshifter) (Depths:1)
  32 sun demons
  3 iron golems
  Sonja (Lair:1)
  11 storm dragon zombies
  67 wretched stars
  33 deep elf knights
  3 titan skeletons
  98 hell knights
  3 fire crabs
  A spectral emperor scorpion (Spider:4)
  115 skeletal warriors
  14 spatial maelstroms
  19 sixfirhies
  A death drake (Tar:5)
  4 ghost moth zombies
  3 iron trolls
  9 golden dragon zombies
  12 shadow wraiths
  A salamander mystic (Depths:3)
  6 unseen horrors
  38 shadow demons
  11 anaconda zombies
  7 wizards
  7 storm dragon skeletons
  26 deep trolls
  2 shambling mangroves
  20 flayed ghosts
  3 tengu zombies
  12 swamp dragons
  4 golden dragon skeletons
  3 spectral wolf spiders (Spider:4)
  A deep troll (shapeshifter) (Abyss:4)
  3 shadow dragon zombies
  16 glowing orange brains
  6 lindwurms
  2 spriggan druids (Swamp:4)
  A harpy (shapeshifter) (Abyss:1)
  31 deep elf archers
  45 necromancers
  13 wolf spider zombies
  12 ironbrand convokers
  12 anaconda skeletons
  43 phantasmal warriors
  7 frost giant zombies
  18 harpies
  32 ugly things
  13 orc knights
  21 orb spiders
  A mana viper (shapeshifter) (Vaults:5)
  A manticore (D:12)
  13 stone giant zombies
  81 deep elf magi
  7 fire giant zombies
  2 mana vipers
  10 shining eyes
  7 orc sorcerers
  4 iron dragon zombies
  33 wolf spiders
  18 moths of wrath
  5 cyclopes
  12 shadow dragon skeletons
  A salamander (shapeshifter) (Abyss:2)
  3 salamanders
  A moth of wrath (shapeshifter) (Depths:3)
  An iron dragon skeleton (Geh:1)
  11 stone giant skeletons
  21 elephants
  8 dire elephant zombies
  12 frost giant skeletons
  36 worldbinders
  15 vault sentinels
  16 rust devils
  A black mamba (shapeshifter) (Vaults:1)
  A naga mage (Abyss:4)
  A titan simulacrum (Tar:7)
  10 fire giant skeletons
  2 ice statues (IceCv)
  15 molten gargoyles
  18 apocalypse crabs
  8 guardian serpents
  9 black mambas
  7 eyes of devastation
  6 dire elephant skeletons
  11 spectral swamp worms (Tar:7)
  2 torpor snails
  66 smoke demons
  21 orange demons
  2 gargoyles
  A spiny frog (shapeshifter) (Abyss:2)
  2 rime drakes (shapeshifter)
  2 spectral redbacks (Spider:4)
  20 demonic crawlers
  3 shock serpent skeletons
  A minotaur zombie (Crypt:1)
  14 komodo dragons
  17 spiny frogs
  50 hellions
  43 freezing wraiths
  A komodo dragon (shapeshifter) (Vaults:2)
  35 yaktaurs
  3 emperor scorpion zombies
  2 catoblepas zombies
  A yaktaur zombie (Vaults:3)
  4 redback zombies
  4 kobold demonologists
  23 efreet
  2 guardian mummies (Crypt:3)
  22 hellwings
  4 tengu conjurers
  An anaconda simulacrum (Hell)
  A rime drake (Lair:3)
  162 small abominations
  A minotaur skeleton (Crypt:3)
  49 tormentors
  A yellow draconian skeleton (Crypt:2)
  24 ice devils
  4 human skeletons
  11 silent spectres
  A queen bee (Lair:5)
  A black draconian skeleton (Tar:6)
  71 ancient zymes
  50 red devils
  4 harpy zombies
  6 catoblepas skeletons
  A shadow dragon simulacrum (Abyss:2)
  2 jumping spiders (shapeshifter)
  5 trolls
  A wind drake (Abyss:2)
  5 spectral tarantellas (Spider:4)
  5 hydra zombies
  24 hornets
  A polar bear (Lair:2)
  3 meliai (Lair:5)
  44 jumping spiders
  2 sphinx simulacra (Vaults:1)
  38 blink frogs
  5 spectral jumping spiders (Spider:4)
  2 bog bodies
  5 hydra skeletons
  13 tyrant leeches
  A wind drake (shapeshifter) (Vaults:1)
  4 ice dragon zombies
  128 raiju
  180 slime creatures
  3 harpy skeletons
  3 jumping spider zombies (Spider:4)
  13 dream sheep
  2 iron dragon simulacra
  A hippogriff (shapeshifter) (Vaults:5)
  A dream sheep (shapeshifter) (Depths:2)
  10 fire dragon zombies
  3 tarantella zombies (Spider:4)
  A meliai zombie (D:15)
  A frost giant simulacrum (Depths:2)
  9 hippogriffs
  8 ettin zombies
  An alligator zombie (Geh:6)
  An air elemental (Elf:1)
  137 flying skulls
  A stone giant simulacrum (Tar:5)
  3 black mamba zombies
  308 starcursed masses
  67 shadows
  2 dire elephant simulacra (Abyss:1)
  71 redbacks
  A spriggan (shapeshifter) (Abyss:3)
  5 spriggans
  55 ynoxinuls
  10 ettin skeletons
  6 vampires
  26 tarantellas
  A yak (shapeshifter) (Abyss:1)
  10 water elementals
  A wyvern (shapeshifter) (Vaults:5)
  51 wraiths
  45 fire elementals
  27 humans
  9 alligator skeletons
  10 fire dragon skeletons
  50 yaks
  8 fire bats
  5 wyverns
  2 black mamba skeletons
  10 ice dragon skeletons
  17 golden eyes
  5 basilisks
  17 hungry ghosts
  9 vampire mosquitoes
  Menkaure (D:5)
  44 neqoxecs
  4 steam dragons
  45 chaos spawn
  9 wargs
  Edmund (D:4)
  A naga (shapeshifter) (Vaults:1)
  3 harpy simulacra (Abyss:2)
  23 spatial vortices
  4 nagas
  A torturous demonspawn zombie (Crypt:2)
  The ghost of Nr616 the Cudgeler, an amateur GrFi (D:4)
  17 swamp worms
  22 insubstantial wisps
  A hydra simulacrum (Hell)
  A water moccasin (shapeshifter) (Abyss:1)
  A gelid demonspawn zombie (Crypt:2)
  2 acid dragons (D:14)
  7 water moccasins
  An acid dragon (shapeshifter) (Abyss:2)
  137 hell hounds
  Duvessa (D:5)
  206 large abominations
  4 spiny frog zombies
  2 merfolk skeletons
  A merfolk zombie (Geh:7)
  5 porcupines
  2 spectral hornets (Spider:4)
  14 eyes of draining
  A swamp dragon zombie (Tar:7)
  11 swamp drakes
  31 orc warriors
  7 snapping turtle zombies
  10 ice beasts
  An alligator simulacrum (Hell)
  12 phantoms
  An ettin simulacrum (Tar:5)
  An ice dragon simulacrum (Abyss:2)
  7 black bears
  2 manticore zombies
  A black bear (shapeshifter) (Vaults:2)
  An eye of draining (shapeshifter) (Vaults:1)
  4 sky beasts
  A blink frog zombie (Crypt:1)
  34 ogres
  3 wolves (Lair:4)
  5 boggarts
  57 necrophages
  6 spiny frog skeletons
  2 manticore skeletons (Tar:7)
  A torpor snail zombie (Crypt:2)
  21 centaurs
  3 swamp dragon skeletons
  9 snapping turtle skeletons
  An ogre (shapeshifter) (Vaults:5)
  13 crocodiles
  4 human zombies
  A komodo dragon zombie (Crypt:2)
  9 big kobolds
  An elf zombie (Crypt:2)
  21 bullfrogs
  A wyvern zombie (D:10)
  10 earth elementals
  9 wyvern skeletons (Crypt:3)
  A cyclops zombie (Crypt:2)
  A spiny frog simulacrum (Tar:2)
  5 scorpions
  Dowan (D:5)
  2 troll zombies
  2 spriggan zombies (Crypt:3)
  14 killer bees (Lair:5)
  4 spriggan skeletons
  8 electric eels
  112 wights
  8 howler monkeys
  5 lava snakes (Lair:6)
  25 crimson imps
  3 bullfrog zombies
  22 quasits
  2 centaur zombies
  2 human simulacra
  3 hounds
  33 orc priests
  18 jellies
  30 orc wizards
  2 bullfrog skeletons
  30 iron imps
  6 centaur skeletons
  6 iguanas
  A black bear skeleton (Crypt:1)
  Natasha (thrice) (D:2)
  13 worker ants
  2 ogre zombies
  A sky beast zombie (Crypt:1)
  A crocodile skeleton (Crypt:1)
  A naga zombie (Crypt:2)
  The ghost of 4thArraOfDagon the Slasher, a weakling FoWr of Ru (D:7)
  A tengu skeleton (Geh:7)
  2 hound zombies
  2 naga skeletons
  2 mummies (Crypt:3)
  11 adders
  6 gnolls (D:4)
  A scorpion zombie (Crypt:1)
  29 shadow imps
  46 white imps
  34 ufetubi
  2 oozes
  2 adder skeletons
  3 worms (D:2)
  2 dart slugs (D:1)
  3 leopard geckos
  116 orcs
  9 giant cockroaches
  4 goblins
  6 hobgoblins
  13 jackals
  7 quokkas
  2 ball pythons
  8 bats
  7 frilled lizards
  A giant cockroach zombie (D:5)
  24 kobolds
  A kobold skeleton (Crypt:3)
  A kobold zombie (Tar:6)
  A leopard gecko skeleton (Crypt:1)
  A quokka skeleton (D:6)
  15 rats
  A rat skeleton (Crypt:1)
  A bush (Abyss:1)
  2 crawling corpses (Elf:3)
  4 fire vortices
  2 fungi (Lair:5)
  4 lurking horrors
  12 plants
  140 starspawn tentacles
  6 tentacles
  3 withered plants (Crypt:3)
6907 creatures vanquished.

Vanquished Creatures (collateral kills)
  Asmodeus (Geh:7)
  Khufu (Crypt:3)
  An ancient lich (Zot:5)
  4 Killer Klowns (Zot:5)
  2 golden dragons (Zot:5)
  2 bone dragons (Tar:4)
  A Tzitzimitl (Tar:4)
  2 tentacled monstrosities (Zot:5)
  A Brimstone Fiend (Geh:7)
  9 Orb Guardians (Zot:5)
  A tentacled starspawn (Abyss:1)
  An eldritch tentacle (Geh:7)
  A draconian scorcher (Zot:5)
  A fire giant (Geh:7)
  A frost giant (Crypt:3)
  A draconian knight (Zot:5)
  A balrug (Geh:7)
  3 reapers (Tar:4)
  A stone giant (Crypt:3)
  A draconian annihilator (Zot:5)
  A very ugly thing (Abyss:1)
  2 yellow draconians
  An eidolon (Crypt:3)
  A mummy priest (Crypt:3)
  A rakshasa (Abyss:1)
  A quicksilver dragon skeleton (Crypt:3)
  A thrashing horror (Abyss:1)
  A titan zombie (Abyss:1)
  A deep elf knight (Crypt:3)
  2 wretched stars (Abyss:1)
  A sixfirhy (Abyss:1)
  A shadow wraith (Abyss:1)
  4 skeletal warriors
  An anaconda zombie (Tar:5)
  A flayed ghost (Geh:7)
  2 necromancers
  A deep elf archer (Vaults:2)
  A phantasmal warrior (Crypt:3)
  A frost giant zombie (Crypt:3)
  A fire giant zombie (Crypt:3)
  An iron dragon skeleton (Geh:7)
  An orange demon (Abyss:1)
  3 moths of wrath (Zot:5)
  3 smoke demons (Abyss:1)
  3 hellions (Geh:7)
  A freezing wraith (Tar:4)
  2 hellwings (Crypt:3)
  A red devil (Abyss:1)
  An ancient zyme (Abyss:1)
  A silent spectre (Tar:4)
  3 large abominations (Abyss:1)
  8 raiju (Abyss:1)
  A fire dragon skeleton (Geh:7)
  A shadow (Tar:4)
  2 flying skulls
  A hungry ghost (Tar:4)
  A neqoxec (Abyss:1)
  2 insubstantial wisps (Abyss:1)
  6 hell hounds
  4 small abominations (Abyss:1)
  A swamp dragon zombie (Tar:4)
  A swamp dragon skeleton (Geh:7)
  3 wyvern skeletons (Crypt:3)
  A wight (Tar:5)
  A spriggan skeleton (Tar:4)
  A crimson imp (Geh:7)
  6 starcursed masses
  An ogre simulacrum (Abyss:1)
  An ufetubus (Abyss:1)
  2 starspawn tentacles (Abyss:1)
126 creatures vanquished.

Vanquished Creatures (others)
  2 eldritch tentacles
  A shadow dragon (Zot:2)
  A cacodemon (Slime:2)
  A frost giant (Depths:5)
  A draconian knight (Zot:3)
  A balrug (Abyss:1)
  A very ugly thing (Abyss:2)
  A vampire knight (Crypt:1)
  2 hydras (Swamp:4)
  3 hell hogs
  A titan skeleton (Geh:5)
  3 deep elf knights
  2 wretched stars
  A storm dragon zombie (Geh:5)
  2 ball lightnings (Geh:4)
  2 necromancers
  A frost giant zombie (Geh:7)
  A deep elf mage (Crypt:1)
  An ugly thing (Abyss:2)
  A hellion (Geh:7)
  A starcursed mass (Abyss:2)
  An ancient zyme (Abyss:2)
  A hellwing (Abyss:1)
  A red devil (Abyss:1)
  A raiju (Abyss:1)
  A slime creature (Vaults:1)
  A large abomination (Abyss:2)
  A shadow (Geh:1)
  A water elemental (Depths:5)
  A flying skull (Geh:6)
  A wraith (Geh:5)
  A fire bat (Geh:4)
  A human (D:15)
  A fire elemental (Geh:4)
  A golden eye (Abyss:2)
  A steam dragon (Swamp:4)
  An insubstantial wisp (Abyss:1)
  3 hell hounds
  5 swamp drakes (Swamp:4)
  4 small abominations
  A wight (Geh:6)
  A crimson imp (Hell)
  A quasit (Abyss:1)
  An orc wizard (D:14)
  A shadow imp (Abyss:1)
  A white imp (IceCv)
  6 ufetubi (IceCv)
  A bush (Abyss:1)
  A demonic plant (Abyss:2)
  4 fungi
  8 lurking horrors
  3 plants (Abyss:2)
  252 starspawn tentacles
  6 tentacles
  15 withered plants (Crypt:3)
360 creatures vanquished.

Grand Total: 7393 creatures vanquished

Notes
Turn   | Place    | Note
-------+----------+-------------------------------------------
     0 | D:1      | sankara the Hill Orc Fighter began the quest for the Orb.
     0 | D:1      | Reached XP level 1. HP: 19/19 MP: 1/1
    33 | D:1      | Reached skill level 3 in Axes
   101 | D:1      | Reached XP level 2. HP: 24/26 MP: 2/2
   219 | D:1      | Reached skill level 4 in Axes
   464 | D:1      | Reached XP level 3. HP: 31/31 MP: 3/3
   800 | D:2      | Found an iron altar of Okawaru.
   903 | D:2      | Became a worshipper of Warmaster Okawaru
  1023 | D:2      | Reached skill level 5 in Axes
  1045 | D:2      | Noticed Natasha
  1052 | D:2      | Killed Natasha
  1052 | D:2      | Reached skill level 1 in Invocations
  1052 | D:2      | Reached XP level 4. HP: 39/39 MP: 3/5
  1397 | D:2      | Noticed Natasha
  1409 | D:2      | Killed Natasha
  1409 | D:2      | Reached skill level 2 in Invocations
  1573 | D:2      | Noticed Natasha
  1580 | D:2      | Killed Natasha
  1580 | D:2      | Reached XP level 5. HP: 45/45 MP: 5/7
  1757 | D:3      | Reached skill level 3 in Invocations
  1866 | D:3      | Reached skill level 6 in Axes
  2041 | D:3      | Reached * piety under Okawaru
  2041 | D:3      | Reached skill level 4 in Invocations
  2041 | D:3      | Reached XP level 6. HP: 46/51 MP: 7/9
  2122 | D:3      | Found a sparkling altar of Nemelex Xobeh.
  2157 | D:3      | Reached skill level 7 in Axes
  2663 | D:4      | Noticed Edmund
  2678 | D:4      | Reached skill level 5 in Invocations
  2693 | D:4      | Killed Edmund
  2693 | D:4      | Reached skill level 8 in Axes
  2693 | D:4      | Reached XP level 7. HP: 33/57 MP: 8/10
  3128 | D:4      | Reached skill level 9 in Axes
  3284 | D:4      | Reached ** piety under Okawaru
  3287 | D:4      | Noticed Nr616's ghost (amateur GrFi)
  3291 | D:4      | Killed Nr616's ghost
  3294 | D:4      | Reached skill level 10 in Axes
  3447 | D:4      | Reached XP level 8. HP: 63/64 MP: 11/11
  3918 | D:5      | Entered Level 5 of the Dungeon
  3932 | D:5      | Reached skill level 11 in Axes
  4214 | D:5      | Reached *** piety under Okawaru
  4238 | D:5      | Noticed Dowan
  4241 | D:5      | Noticed Menkaure
  4241 | D:5      | Noticed Duvessa
  4249 | D:5      | Killed Dowan
  4249 | D:5      | Reached skill level 4 in Fighting
  4250 | D:5      | Killed Menkaure
  4250 | D:5      | Reached skill level 1 in Dodging
  4265 | D:5      | Killed Duvessa
  4265 | D:5      | Reached skill level 4 in Armour
  4265 | D:5      | Reached skill level 4 in Shields
  4422 | D:5      | Reached XP level 9. HP: 65/72 MP: 13/13
  4764 | D:6      | Reached skill level 12 in Axes
  4764 | D:6      | Reached skill level 6 in Invocations
  4933 | D:6      | Reached skill level 2 in Dodging
  4983 | D:6      | Reached **** piety under Okawaru
  5045 | D:6      | Reached skill level 5 in Fighting
  5047 | D:6      | Upgraded the game from 0.22-a0-283-g1871b15 to 0.22-a0-284-g99d1f74
  5167 | D:6      | Found a stormy altar of Qazlal.
  5991 | D:7      | Found a shimmering altar of Xom.
  6002 | D:7      | Found a staircase to the Ecumenical Temple.
  6009 | Temple   | Entered the Ecumenical Temple
  6420 | D:7      | Reached skill level 5 in Armour
  6591 | D:7      | Found a shimmering altar of Xom.
  6602 | D:7      | Found a shimmering altar of Xom.
  6604 | D:7      | You fall through a shaft for 3 floors!
  6604 | D:10     | Entered Level 10 of the Dungeon
  6625 | D:9      | Reached skill level 1 in Stealth
  6625 | D:9      | Reached skill level 5 in Shields
  6625 | D:9      | Reached skill level 1 in Evocations
  6710 | D:8      | Reached skill level 7 in Invocations
  6810 | D:7      | Noticed 4thArraOfDagon's ghost (weakling FoWr)
  6815 | D:7      | Killed 4thArraOfDagon's ghost
  7254 | D:8      | Found Useuwineg's Distillery.
  7264 | D:8      | Bought a potion of resistance for 160 gold pieces
  7264 | D:8      | Bought a potion of heal wounds for 80 gold pieces
  7264 | D:8      | Bought a potion of degeneration for 16 gold pieces
  7264 | D:8      | Bought a potion of mutation for 128 gold pieces
  7307 | D:8      | Reached XP level 10. HP: 79/82 MP: 15/15
  7420 | D:8      | Found a staircase to the Lair.
  7429 | D:8      | Reached skill level 1 in Throwing
  7429 | D:8      | Reached skill level 3 in Dodging
  7441 | D:8      | Reached skill level 2 in Evocations
  7470 | D:8      | HP: 10/83 [orc priest/divine providence (13)]
  7475 | D:8      | HP: 9/83 [orc wizard/magic dart (5)]
  7674 | D:8      | Reached skill level 2 in Stealth
  7925 | D:8      | Reached skill level 6 in Fighting
  7926 | D:8      | HP: 19/83 [yak (6)]
  7934 | D:8      | HP: 14/83 [yak (9)]
  8081 | D:8      | Noticed a two-headed hydra
  8098 | D:8      | Killed a one-headed hydra
  8098 | D:8      | Reached ***** piety under Okawaru
  8098 | D:8      | Reached skill level 2 in Throwing
  8098 | D:8      | Reached skill level 6 in Armour
  8376 | D:9      | Reached skill level 6 in Shields
  8376 | D:9      | Reached skill level 3 in Evocations
  8464 | D:9      | Found a stormy altar of Qazlal.
  8468 | D:9      | Found a blossoming altar of Fedhas.
  8482 | D:9      | Reached skill level 8 in Invocations
  8490 | D:9      | HP: 13/84 [orc warrior/glaive (13)]
  8773 | D:9      | Reached skill level 13 in Axes
  8781 | D:9      | Reached XP level 11. HP: 83/90 MP: 15/17
  8799 | D:9      | Reached skill level 4 in Dodging
  8844 | D:9      | Reached skill level 7 in Fighting
  8997 | D:9      | Found a hide-covered altar of Uskayaw.
  9019 | D:9      | Reached skill level 3 in Throwing
  9799 | D:10     | Received a gift from Okawaru
  9800 | D:10     | Got an ebony broad axe {god gift}
  9801 | D:10     | Identified the +6 broad axe of the End {holy, rN+ Str+5} (Okawaru gifted it to you on level 10 of the Dungeon)
 10485 | D:11     | Found a staircase to the Orcish Mines.
 10498 | D:11     | Reached skill level 7 in Armour
 10498 | D:11     | Reached skill level 7 in Shields
 10597 | D:11     | Reached skill level 9 in Invocations
 10772 | D:11     | Noticed a two-headed ogre
 10779 | D:11     | Killed a two-headed ogre
 11082 | D:11     | Noticed a two-headed ogre
 11092 | D:11     | Killed a two-headed ogre
 11128 | D:11     | Reached skill level 8 in Fighting
 11128 | D:11     | Reached skill level 4 in Throwing
 11267 | Lair:1   | Entered Level 1 of the Lair of Beasts
 11267 | Lair:1   | Noticed Sonja
 11274 | Lair:1   | Killed Sonja
 11274 | Lair:1   | Reached ****** piety under Okawaru
 11366 | Lair:1   | Reached skill level 5 in Dodging
 11370 | Lair:1   | Reached XP level 12. HP: 83/101 MP: 19/19
 11494 | Lair:1   | Received a gift from Okawaru
 11507 | Lair:1   | Got an encrusted glaive
 11524 | Lair:1   | Learned a level 1 spell: Apportation
 11527 | Lair:1   | Learned a level 2 spell: Passwall
 11753 | Lair:1   | Reached skill level 14 in Axes
 11774 | Lair:1   | Reached skill level 8 in Armour
 11776 | Lair:1   | Received a gift from Okawaru
 11776 | Lair:1   | Reached skill level 8 in Shields
 11785 | Lair:1   | Got a dazzling hunting sling {god gift}
 11791 | Lair:1   | Identified the +1 hunting sling of Past Mistakes {velocity, Str+5} (Okawaru gifted it to you on level 1 of the Lair of Beasts)
 11863 | Lair:1   | Noticed a four-headed hydra
 11875 | Lair:1   | Reached skill level 10 in Invocations
 11878 | Lair:1   | Killed a one-headed hydra
 11885 | Lair:1   | Reached skill level 5 in Throwing
 11893 | Lair:1   | Reached skill level 9 in Fighting
 12218 | Lair:2   | Found a sacrificial altar of Ru.
 12458 | Lair:2   | You fall through a shaft for 2 floors!
 12487 | Lair:4   | Received a gift from Okawaru
 12628 | Lair:3   | Reached skill level 9 in Armour
 12628 | Lair:3   | Reached skill level 9 in Shields
 12628 | Lair:3   | Reached XP level 13. HP: 78/111 MP: 20/20
 12749 | Lair:2   | Reached skill level 6 in Throwing
 13147 | Lair:2   | Got a twisted rapier
 13177 | Lair:2   | Identified the +10 rapier "Funt" {venom, rElec Int-4 Dex+6} (You found it on level 2 of the Lair of Beasts)
 13373 | Lair:2   | Found a staircase to the Swamp.
 13951 | Lair:3   | Found a hole to the Spider Nest.
 13971 | Lair:3   | Reached skill level 10 in Fighting
 14044 | Lair:3   | Received a gift from Okawaru
 14044 | Lair:3   | Reached skill level 1 in Earth Magic
 14158 | Lair:3   | Reached skill level 1 in Translocations
 15155 | Lair:4   | Reached skill level 15 in Axes
 15165 | Lair:4   | Reached skill level 2 in Earth Magic
 15689 | Lair:5   | Found a staircase to the Slime Pits.
 16080 | Lair:5   | Received a gift from Okawaru
 16084 | Lair:5   | Reached skill level 10 in Shields
 16101 | Lair:5   | Reached skill level 10 in Armour
 16107 | Lair:5   | Reached skill level 7 in Throwing
 16107 | Lair:5   | Reached skill level 11 in Invocations
 16107 | Lair:5   | Reached XP level 14. HP: 54/121 MP: 22/22
 16362 | Lair:5   | Reached skill level 6 in Dodging
 16587 | Lair:5   | Found a stormy altar of Qazlal.
 16843 | Lair:6   | Entered Level 6 of the Lair of Beasts
 17148 | Lair:6   | Got a bound bronze ring
 17157 | Lair:6   | Identified the ring of Imunnat {+Fly rF+ Int+2 SInv} (You found it on level 6 of the Lair of Beasts)
 17184 | Lair:6   | Reached skill level 11 in Fighting
 17277 | Lair:6   | Received a gift from Okawaru
 17278 | Lair:6   | Noticed Ijustatesigmund's ghost (journeyman OpFi)
 17304 | Lair:6   | Killed Ijustatesigmund's ghost
 18056 | Lair:6   | Found a large runed door.
 18056 | Lair:6   | Found a large runed door.
 18320 | Lair:6   | Got a crude iron ring
 18338 | Lair:6   | Identified the ring of Zatzih {rN+ Slay+3} (You found it on level 6 of the Lair of Beasts)
 18628 | D:12     | Received a gift from Okawaru
 18868 | D:12     | Found Tocigaj's Food Boutique.
 18917 | D:12     | Reached skill level 16 in Axes
 18939 | D:12     | Received a gift from Okawaru
 19082 | D:12     | Reached skill level 12 in Invocations
 19238 | D:13     | Reached skill level 8 in Throwing
 19245 | D:13     | Reached XP level 15. HP: 54/129 MP: 24/24
 19249 | D:13     | Reached skill level 11 in Shields
 19284 | D:13     | Identified 2 scrolls of acquirement
 19285 | D:13     | Got a wavering lapis lazuli ring
 19287 | D:13     | Identified the ring "Qadeguj" {rPois rN+ SInv} (You acquired it on level 13 of the Dungeon)
 19367 | D:13     | Got a smoking war axe
 19368 | D:13     | Identified the +11 war axe "Newt's Foe" {chop, Str+3 Int-4 Stlth+} (You found it on level 13 of the Dungeon)
 19420 | D:13     | Found a frozen archway.
 19428 | D:13     | Reached skill level 11 in Armour
 19454 | IceCv    | Entered an ice cave
 19765 | IceCv    | Reached skill level 7 in Dodging
 19830 | IceCv    | Got a polished halberd
 20001 | D:13     | Reached skill level 3 in Stealth
 20138 | D:13     | Found a hide-covered altar of Uskayaw.
 20176 | D:13     | Received a gift from Okawaru
 20193 | D:13     | Reached skill level 4 in Evocations
 20373 | D:13     | Found a gate to the Vaults.
 20380 | D:13     | Reached skill level 12 in Fighting
 21206 | Orc:1    | Entered Level 1 of the Orcish Mines
 21535 | Orc:2    | Entered Level 2 of the Orcish Mines
 21535 | Orc:2    | Found a staircase to the Elven Halls.
 21778 | Orc:2    | Received a gift from Okawaru
 21781 | Orc:2    | Reached skill level 4 in Stealth
 21912 | Orc:2    | Reached skill level 5 in Evocations
 22132 | Orc:2    | Found Foskyrhi's Gadget Boutique.
 22132 | Orc:2    | Found Wifar's Weapon Shoppe.
 22142 | Orc:2    | Found Pouman's Food Boutique.
 22142 | Orc:2    | Found Uppeluleunt's Weapon Shoppe.
 22291 | Orc:1    | Noticed Harold
 22308 | Orc:1    | Killed Harold
 23042 | D:14     | Reached XP level 16. HP: 140/140 MP: 25/25
 23269 | D:14     | Reached skill level 17 in Axes
 23269 | D:14     | Reached skill level 12 in Shields
 23308 | D:14     | Reached skill level 12 in Armour
 23428 | D:14     | Noticed a shadow dragon
 23447 | D:14     | Killed a shadow dragon
 23540 | D:14     | Reached skill level 5 in Stealth
 23629 | D:15     | Entered Level 15 of the Dungeon
 23712 | D:15     | Noticed Kirke
 23727 | D:15     | Killed Kirke
 23727 | D:15     | Reached skill level 6 in Evocations
 23757 | D:15     | Got a flickering brass ring
 23759 | D:15     | Identified the ring of Yendor {rCorr rF+ Int+4} (You found it on level 15 of the Dungeon)
 23782 | D:15     | Got a scorched bronze amulet
 23784 | D:15     | Identified the amulet "Liovum" {Fragile Regen+ Int+3 Dex+5} (You found it on level 15 of the Dungeon)
 23791 | D:15     | Learned a level 5 spell: Aura of Abjuration
 23884 | D:15     | Found a burning altar of Makhleb.
 23932 | D:15     | Received a gift from Okawaru
 23984 | D:15     | Found a staircase to the Depths.
 23993 | D:15     | Reached skill level 13 in Fighting
 23993 | D:15     | Reached skill level 1 in Summonings
 24470 | D:15     | Noticed Roxanne
 24489 | D:15     | Killed Roxanne
 24763 | Swamp:1  | Entered Level 1 of the Swamp
 24871 | Swamp:1  | Reached skill level 2 in Summonings
 24909 | Swamp:1  | Received a gift from Okawaru
 25018 | Swamp:1  | Got a transparent brass ring
 25021 | Swamp:1  | Identified the ring "Qaamn" {Fire rElec rN+} (You found it on level 1 of the Swamp)
 25176 | Swamp:1  | Received a gift from Okawaru
 25529 | Swamp:2  | Noticed Louise
 25555 | Swamp:2  | Killed Louise
 25666 | Swamp:2  | Noticed Aizul
 25870 | Swamp:2  | Killed Aizul
 25870 | Swamp:2  | Reached skill level 3 in Summonings
 26148 | Swamp:2  | Noticed Jorgrun
 26160 | Swamp:2  | Killed Jorgrun
 26160 | Swamp:2  | Reached skill level 7 in Evocations
 26386 | Swamp:2  | Noticed a thorn hunter
 26402 | Swamp:2  | Killed a thorn hunter
 26844 | Swamp:3  | Got a fine scale mail
 27167 | Swamp:3  | Got a twisted ring mail
 27169 | Swamp:3  | Identified the +5 scale mail of the Enchanted Forest {rPois Dex+6} (You found it on level 3 of the Swamp)
 27170 | Swamp:3  | Identified the +5 ring mail of Mascher {rElec MR+ rCorr Int+4} (You found it on level 3 of the Swamp)
 27271 | Swamp:3  | Reached XP level 17. HP: 150/150 MP: 26/26
 27525 | Spider:1 | Entered Level 1 of the Spider Nest
 27527 | Spider:1 | Reached skill level 4 in Summonings
 27703 | Spider:1 | Reached skill level 13 in Shields
 27799 | Spider:1 | Reached skill level 13 in Armour
 28074 | Spider:1 | Received a gift from Okawaru
 28075 | Spider:1 | Got a blackened hat {god gift}
 28099 | Spider:1 | Identified the +2 hat of Nacloas {rF+} (Okawaru gifted it to you on level 1 of the Spider Nest)
 28449 | Spider:2 | Reached skill level 18 in Axes
 28449 | Spider:2 | Reached skill level 14 in Fighting
 28455 | Spider:2 | HP: 29/151 [wolf spider (16)]
 28459 | Spider:2 | Reached skill level 5 in Summonings
 28795 | Spider:2 | Noticed Arachne
 28816 | Spider:2 | Killed Arachne
 29149 | Spider:2 | Got a pitted hand axe
 29150 | Spider:2 | Identified the +9 hand axe of Reapportionment {distort, rN+ MR+ Int+5} (You found it on level 2 of the Spider Nest)
 29317 | Spider:2 | HP: 37/154 [spark wasp (15)]
 29323 | Spider:2 | HP: 32/154 [poisoned by a redback]
 29328 | Spider:2 | HP: 29/154 [poisoned by a redback]
 29334 | Spider:2 | HP: 28/154 [poisoned by a redback]
 29339 | Spider:2 | HP: 28/154 [poisoned by a redback]
 29344 | Spider:2 | HP: 30/154 [poisoned by a redback]
 29349 | Spider:2 | HP: 32/154 [poisoned by a redback]
 29357 | Spider:2 | HP: 36/154 [poisoned by a redback]
 29609 | Spider:3 | Received a gift from Okawaru
 29916 | Spider:3 | Reached skill level 8 in Dodging
 29961 | Spider:3 | Received a gift from Okawaru
 30181 | Spider:3 | Reached XP level 18. HP: 162/162 MP: 27/27
 30226 | Spider:3 | Reached skill level 14 in Shields
 30447 | Spider:3 | Reached skill level 14 in Armour
 30626 | Spider:4 | Entered Level 4 of the Spider Nest
 30749 | Spider:4 | Reached skill level 15 in Fighting
 31757 | Spider:4 | Noticed Donald
 31784 | Spider:4 | Killed Donald
 31931 | Spider:4 | Reached skill level 9 in Dodging
 31932 | Spider:4 | Received a gift from Okawaru
 32302 | Spider:4 | Received a gift from Okawaru
 32698 | Spider:4 | Received a gift from Okawaru
 32722 | Spider:4 | Got a gossamer rune of Zot
 33126 | Elf:1    | Entered Level 1 of the Elven Halls
 33272 | Elf:1    | Reached skill level 16 in Fighting
 33273 | Elf:1    | Reached skill level 15 in Shields
 33383 | Elf:1    | Reached skill level 15 in Armour
 33399 | Elf:1    | Reached XP level 19. HP: 169/172 MP: 28/28
 33453 | Elf:1    | Found an ancient bone altar of Kikubaaqudgha.
 33515 | Elf:1    | Reached skill level 6 in Summonings
 33740 | Elf:1    | Found a portal to a secret trove of treasure.
 33886 | Elf:1    | You are sucked into a shaft!
 33916 | Elf:2    | Reached skill level 10 in Dodging
 33923 | Elf:2    | Found a runed gate.
 33923 | Elf:2    | Found a runed gate.
 33923 | Elf:2    | Found a runed gate.
 34114 | Elf:2    | Reached skill level 7 in Summonings
 34322 | Elf:2    | Received a gift from Okawaru
 34583 | Elf:2    | Reached skill level 17 in Fighting
 35103 | Elf:2    | Reached skill level 8 in Summonings
 35352 | Elf:3    | Entered Level 3 of the Elven Halls
 35399 | Elf:3    | Received a gift from Okawaru
 35442 | Elf:3    | Noticed 4thArraOfDagon's ghost (adept FoWr)
 35466 | Elf:3    | Killed 4thArraOfDagon's ghost
 35581 | Elf:3    | Received a gift from Okawaru
 35736 | Elf:3    | Found Ibadwes's Antique Armour Boutique.
 35741 | Elf:3    | Bought a crude plate armour for 1148 gold pieces
 35741 | Elf:3    | Identified the +5 plate armour of Fun and Games {rC+} (You bought it in a shop on level 3 of the Elven Halls)
 35930 | Elf:3    | Received a gift from Okawaru
 36102 | Elf:3    | Received a gift from Okawaru
 36401 | Elf:3    | Noticed a Brimstone Fiend
 36404 | Elf:3    | Noticed a Brimstone Fiend
 36437 | Elf:3    | Reached skill level 9 in Summonings
 36493 | Elf:3    | Reached XP level 20. HP: 185/185 MP: 29/29
 36627 | Elf:3    | Got a vibrating lapis lazuli ring
 37137 | Elf:3    | Identified the ring "Opsiukun" {rCorr -Tele rN+++ MR- SInv} (You took it off a deep elf archer on level 3 of the Elven Halls)
 37150 | Elf:3    | Received a gift from Okawaru
 37267 | Elf:1    | Reached skill level 18 in Fighting
 37298 | Elf:1    | Reached skill level 11 in Dodging
 37337 | Elf:1    | Cast into level 2 of the Abyss (a wizard)
 37569 | Abyss:2  | Reached skill level 16 in Armour
 37649 | Abyss:2  | Paralysed by you for 4 turns
 37666 | Abyss:2  | Reached skill level 10 in Summonings
 37806 | Abyss:2  | Noticed a profane servitor
 37819 | Abyss:2  | Killed a profane servitor
 37823 | Elf:1    | Escaped the Abyss
 37842 | Elf:1    | Received a gift from Okawaru
 38532 | Elf:3    | Got a steaming broad axe {chop}
 38546 | Elf:3    | Identified the +8 broad axe of Yredelemnul {chop, Str+5 Dex+2} (You took it off a deep elf mage on level 3 of the Elven Halls)
 38643 | Elf:3    | Got a glittering amber ring
 39470 | Elf:1    | Identified the ring "Liaxta Sio" {Fire Str+2} (You took it off a deep elf mage on level 3 of the Elven Halls)
 39615 | Vaults:1 | Entered Level 1 of the Vaults
 40317 | Vaults:1 | Reached XP level 21. HP: 182/196 MP: 30/30
 40355 | Vaults:1 | Received a gift from Okawaru
 40651 | Vaults:1 | Reached skill level 19 in Fighting
 40863 | Vaults:2 | Reached skill level 12 in Dodging
 40887 | Vaults:2 | Reached skill level 17 in Armour
 41738 | Vaults:2 | HP: 37/199 [enormous slime creature (55)]
 42184 | Vaults:2 | Found a staircase to the Crypt.
 42184 | Vaults:2 | Found an ancient bone altar of Kikubaaqudgha.
 42185 | Vaults:2 | Found a basalt altar of Yredelemnul.
 43471 | Vaults:3 | Reached skill level 1 in Spellcasting
 43560 | Vaults:3 | Received a gift from Okawaru
 43719 | Vaults:3 | Reached skill level 20 in Fighting
 43879 | Vaults:3 | Reached skill level 18 in Armour
 43946 | Vaults:3 | Reached skill level 2 in Spellcasting
 43984 | Vaults:3 | Got a warped copper ring
 43985 | Vaults:3 | Identified the ring of Zailis {rCorr rElec rF- rN+ Int+2} (You found it on level 3 of the Vaults)
 44172 | Vaults:4 | Noticed Jory
 44204 | Vaults:4 | Killed Jory
 44491 | Vaults:4 | Reached XP level 22. HP: 191/209 MP: 24/31
 44517 | Vaults:4 | Reached skill level 19 in Armour
 44529 | Vaults:4 | Paralysed by an ogre mage for 7 turns
 44773 | Vaults:4 | Learned a level 9 spell: Tornado
 44942 | Vaults:4 | Reached skill level 1 in Air Magic
 44956 | Vaults:4 | Received a gift from Okawaru
 44975 | Vaults:4 | Reached skill level 2 in Air Magic
 45328 | Vaults:4 | Reached skill level 3 in Air Magic
 45336 | Vaults:4 | Reached skill level 20 in Armour
 45387 | Vaults:4 | Found Mamneure's Antique Weapon Shop.
 45393 | Vaults:4 | Bought a brightly glowing broad axe for 234 gold pieces
 45393 | Vaults:4 | Identified the +4 broad axe "Odgheott" {drain, rC+ MP+9 Dex+2} (You bought it in a shop on level 4 of the Vaults)
 46078 | Swamp:4  | Entered Level 4 of the Swamp
 46106 | Swamp:4  | Reached skill level 4 in Air Magic
 46221 | Swamp:4  | Reached skill level 5 in Air Magic
 46316 | Swamp:4  | Got a decaying rune of Zot
 46554 | Swamp:4  | Reached skill level 6 in Air Magic
 47158 | Depths:1 | Entered Level 1 of the Depths
 47204 | Depths:1 | Reached skill level 7 in Air Magic
 47434 | Depths:1 | Reached skill level 8 in Air Magic
 47519 | Depths:1 | Found Daophih's Armour Emporium.
 47519 | Depths:1 | Found Lymag's Food Shoppe.
 47881 | Depths:1 | Found a gateway to Hell.
 48119 | Depths:2 | Received a gift from Okawaru
 48123 | Depths:2 | Reached XP level 23. HP: 176/215 MP: 32/32
 48154 | Depths:2 | Reached skill level 9 in Air Magic
 48468 | Depths:1 | Received a gift from Okawaru
 48752 | Depths:2 | Found Gozag's Antique Weapon Shoppe.
 48757 | Depths:2 | Found an opulent altar of Gozag.
 48757 | Depths:2 | Noticed a golden dragon
 48760 | Depths:2 | Found Gozag's Assorted Antiques.
 48762 | Depths:2 | Found Gozag's Assorted Antiques.
 48844 | Depths:2 | Reached skill level 10 in Air Magic
 49516 | Depths:2 | Killed a golden dragon
 49516 | Depths:2 | Received a gift from Okawaru
 49978 | Depths:3 | Found a gateway to a ziggurat.
 50046 | Depths:3 | Reached skill level 11 in Air Magic
 50049 | Depths:3 | Noticed Bai Suzhen
 50064 | Depths:3 | Received a gift from Okawaru
 50080 | Depths:3 | Killed Bai Suzhen
 50592 | Depths:3 | Reached skill level 12 in Air Magic
 50871 | Depths:3 | Received a gift from Okawaru
 51774 | Depths:3 | Noticed a caustic shrike
 51783 | Depths:3 | Killed a caustic shrike
 52133 | Depths:3 | Noticed a caustic shrike
 52144 | Depths:3 | Killed a caustic shrike
 52144 | Depths:3 | Reached skill level 13 in Air Magic
 52164 | Depths:3 | Received a gift from Okawaru
 52165 | Depths:3 | Found the +8 mithril axe "Arga" {speed, MR+}
 52180 | Depths:3 | Found a one-way gate leading to the halls of Pandemonium.
 52186 | Depths:3 | Got a clouded golden ring
 52187 | Depths:3 | Identified the ring of Xom's Recklessness {rF+ rC+ Str+4} (You found it on level 3 of the Depths)
 52526 | Depths:4 | Found a one-way gate to the infinite horrors of the Abyss.
 52610 | Depths:4 | Reached XP level 24. HP: 173/224 MP: 32/32
 52725 | Depths:4 | Got a brightly glowing ring mail
 52730 | Depths:4 | Identified the +2 ring mail "Uqippy" {rPois rF- rC+ Dex+7} (You found it on level 4 of the Depths)
 53336 | Depths:4 | Reached skill level 14 in Air Magic
 53498 | Depths:5 | Entered Level 5 of the Depths
 53678 | Depths:5 | Received a gift from Okawaru
 53942 | Depths:5 | Received a gift from Okawaru
 53971 | Depths:5 | HP: 55/224 [poison (poison gas)]
 54212 | Depths:5 | Found a gate to the Realm of Zot.
 54245 | Depths:5 | Reached skill level 15 in Air Magic
 55805 | Slime:1  | Entered Level 1 of the Pits of Slime
 55939 | Slime:1  | Gained mutation: Your body sometimes deteriorates upon taking damage. [a shining eye]
 56105 | Slime:1  | Reached skill level 16 in Air Magic
 56274 | Slime:1  | Received a gift from Okawaru
 56323 | Slime:1  | Received a gift from Okawaru
 56544 | Slime:1  | Received a gift from Okawaru
 57330 | Slime:1  | Reached XP level 25. HP: 230/231 MP: 32/32
 57530 | Slime:1  | Reached skill level 17 in Air Magic
 57775 | Slime:2  | Gained mutation: Your spells are a little easier to cast, but a little less powerful. [a shining eye]
 57778 | Slime:2  | Gained mutation: You are frail. (-10% HP) [a shining eye]
 58030 | Slime:2  | Cast into level 4 of the Abyss (a Zot trap)
 58060 | Slime:2  | Escaped the Abyss
 58078 | Slime:2  | Lost mutation: You are frail. (-10% HP) [potion of mutation]
 58078 | Slime:2  | Lost mutation: Your body sometimes deteriorates upon taking damage. [potion of mutation]
 58078 | Slime:2  | Lost mutation: Your spells are a little easier to cast, but a little less powerful. [potion of mutation]
 58078 | Slime:2  | Gained mutation: You are weak. (Str -2) [potion of mutation]
 58078 | Slime:2  | Gained mutation: You occasionally shout uncontrollably at your foes. [potion of mutation]
 58078 | Slime:2  | Gained mutation: You expend magic power (3 MP) to strengthen your wands. [potion of mutation]
 58078 | Slime:2  | Gained mutation: You are partially covered in yellow scales. (AC +2) [potion of mutation]
 58420 | Slime:2  | Received a gift from Okawaru
 59102 | Slime:4  | Gained mutation: You are occasionally teleported next to monsters. [a shining eye]
 59704 | Slime:4  | Gained mutation: You are dopey. (Int -2) [a shining eye]
 59706 | Slime:4  | Gained mutation: You are sometimes teleported next to monsters. [a shining eye]
 59710 | Slime:4  | Gained mutation: Your magical capacity is low. (-10% MP) [a shining eye]
 59915 | Lair:1   | Lost mutation: Your magical capacity is low. (-10% MP) [potion of mutation]
 59915 | Lair:1   | Lost mutation: You expend magic power (3 MP) to strengthen your wands. [potion of mutation]
 59915 | Lair:1   | Lost mutation: You are dopey. (Int -2) [potion of mutation]
 59915 | Lair:1   | Lost mutation: You are partially covered in yellow scales. (AC +2) [potion of mutation]
 59915 | Lair:1   | Gained mutation: Scrolls take you a little longer to read. [potion of mutation]
 59915 | Lair:1   | Gained mutation: You possess an exceptional clarity of mind. [potion of mutation]
 59915 | Lair:1   | Gained mutation: You are somewhat resistant to further mutation. [potion of mutation]
 59915 | Lair:1   | Gained mutation: You are agile. (Dex +2) [potion of mutation]
 59916 | Lair:1   | Lost mutation: Scrolls take you a little longer to read. [potion of mutation]
 59916 | Lair:1   | Lost mutation: You are agile. (Dex +2) [potion of mutation]
 59916 | Lair:1   | Gained mutation: Your mind is acute. (Int +2) [potion of mutation]
 59917 | Lair:1   | Lost mutation: You occasionally shout uncontrollably at your foes. [potion of mutation]
 59917 | Lair:1   | Lost mutation: You possess an exceptional clarity of mind. [potion of mutation]
 59917 | Lair:1   | Lost mutation: You are weak. (Str -2) [potion of mutation]
 59917 | Lair:1   | Lost mutation: You are somewhat resistant to further mutation. [potion of mutation]
 59917 | Lair:1   | Gained mutation: You occasionally shout uncontrollably at your foes. [potion of mutation]
 59917 | Lair:1   | Gained mutation: Your body sometimes deteriorates upon taking damage. [potion of mutation]
 59917 | Lair:1   | Lost mutation: Your mind is acute. (Int +2) [potion of mutation]
 59917 | Lair:1   | Gained mutation: You have very sharp teeth. [potion of mutation]
 60008 | Swamp:3  | Lost mutation: Your body sometimes deteriorates upon taking damage. [potion of mutation]
 60008 | Swamp:3  | Lost mutation: You occasionally shout uncontrollably at your foes. [potion of mutation]
 60008 | Swamp:3  | Gained mutation: You possess an exceptional clarity of mind. [potion of mutation]
 60077 | Swamp:1  | Lost mutation: You possess an exceptional clarity of mind. [potion of mutation]
 60077 | Swamp:1  | Lost mutation: You are sometimes teleported next to monsters. [potion of mutation]
 60077 | Swamp:1  | Gained mutation: Your flesh is cold resistant. (rC+) [potion of mutation]
 60077 | Swamp:1  | Lost mutation: Your flesh is cold resistant. (rC+) [potion of mutation]
 60077 | Swamp:1  | Gained mutation: You are partially covered in large bone plates. (SH +4) [potion of mutation]
 60185 | D:8      | Bought a potion of mutation for 128 gold pieces
 60185 | D:8      | Lost mutation: You are occasionally teleported next to monsters. [potion of mutation]
 60185 | D:8      | Lost mutation: You are partially covered in large bone plates. (SH +4) [potion of mutation]
 60185 | D:8      | Gained mutation: Your body sometimes deteriorates upon taking damage. [potion of mutation]
 60185 | D:8      | Gained mutation: You have a somewhat thin skeletal structure. (Dex +2, Stealth) [potion of mutation]
 60565 | Vaults:5 | Entered Level 5 of the Vaults
 60621 | Vaults:5 | Reached skill level 6 in Stealth
 60663 | Vaults:5 | Reached skill level 3 in Spellcasting
 60782 | Vaults:5 | Reached skill level 7 in Stealth
 60783 | Vaults:5 | HP: 40/231 [stone giant/large rock (44)]
 60798 | Vaults:5 | Reached skill level 4 in Spellcasting
 60889 | Vaults:5 | Reached skill level 18 in Air Magic
 61026 | Vaults:5 | Received a gift from Okawaru
 61111 | Vaults:5 | Reached skill level 5 in Spellcasting
 61147 | Vaults:5 | Got a warped plate armour
 61148 | Vaults:5 | Identified the cursed +0 plate armour of Depression {*Slow rPois rN++ Int+4} (You found it on level 5 of the Vaults)
 61303 | Vaults:5 | Reached skill level 6 in Spellcasting
 61304 | Vaults:5 | Reached XP level 26. HP: 97/239 MP: 27/32
 61866 | Vaults:5 | Identified the +11 crystal plate armour of Jogott {rCorr} (You found it on level 5 of the Vaults)
 61876 | Vaults:5 | Identified the Collected Works on Floating Creation
 61889 | Vaults:5 | Learned a level 1 spell: Summon Butterflies
 61968 | Vaults:5 | Reached skill level 7 in Spellcasting
 62326 | Vaults:5 | Reached skill level 19 in Air Magic
 62499 | Vaults:5 | Got a silver rune of Zot
 62699 | Vaults:5 | Received a gift from Okawaru
 62983 | Vaults:5 | Received a gift from Okawaru
 63069 | Vaults:5 | Identified the Grimoire of the Sinister Snowflakes
 63091 | Vaults:5 | Learned a level 3 spell: Regeneration
 63214 | Vaults:5 | Reached skill level 1 in Charms
 63444 | Vaults:5 | Reached skill level 2 in Charms
 63453 | Vaults:5 | Identified the +6 chain mail of the Five Scars {+Fly rPois rC++ Slay-4} (You took it off a vault guard on level 5 of the Vaults)
 64247 | Vaults:5 | Lost mutation: You have a somewhat thin skeletal structure. (Dex +2, Stealth) [potion of mutation]
 64247 | Vaults:5 | Lost mutation: Your body sometimes deteriorates upon taking damage. [potion of mutation]
 64247 | Vaults:5 | Lost mutation: You have very sharp teeth. [potion of mutation]
 64247 | Vaults:5 | Gained mutation: You are resistant to hostile enchantments. (MR+) [potion of mutation]
 64247 | Vaults:5 | Gained mutation: You are weak. (Str -2) [potion of mutation]
 64247 | Vaults:5 | Lost mutation: You are resistant to hostile enchantments. (MR+) [potion of mutation]
 64247 | Vaults:5 | Gained mutation: Your spells are a little harder to cast, but a little more powerful. [potion of mutation]
 64252 | Vaults:5 | Identified the +9 fire dragon scales of the Fiddle {rElec rF++ rC- Int+5 Dex+3} (You took it off a vault guard on level 5 of the Vaults)
 65164 | Zot:1    | Entered Level 1 of the Realm of Zot
 65244 | Zot:1    | Reached skill level 3 in Charms
 65475 | Zot:1    | Reached skill level 4 in Charms
 65476 | Zot:1    | Reached skill level 20 in Air Magic
 65785 | Zot:1    | Reached XP level 27. HP: 210/246 MP: 32/33
 66093 | Zot:1    | Received a gift from Okawaru
 66143 | Zot:1    | Received a gift from Okawaru
 66401 | Zot:2    | Found a transporter.
 66427 | Zot:1    | Reached skill level 21 in Air Magic
 66766 | Zot:2    | Found a transporter.
 67698 | Zot:2    | Identified the amulet of Suneawoeg {Harm *Drain Str+3} (You found it on level 2 of the Realm of Zot)
 67713 | Zot:2    | Got a translucent golden amulet
 67970 | Zot:3    | Noticed an orb of fire
 67990 | Zot:2    | Received a gift from Okawaru
 67993 | Zot:2    | Identified the amulet of Lady Luck {Harm *Drain rN+ MR+} (You found it on level 2 of the Realm of Zot)
 68191 | Zot:3    | Reached skill level 8 in Spellcasting
 68309 | Zot:3    | Received a gift from Okawaru
 68370 | Zot:3    | Killed an orb of fire
 68370 | Zot:3    | Reached skill level 22 in Air Magic
 69047 | Zot:4    | Reached skill level 9 in Spellcasting
 71562 | Depths:4 | Voluntarily entered the Abyss.
 72058 | Abyss:2  | Reached skill level 10 in Spellcasting
 72317 | Abyss:2  | Received a gift from Okawaru
 73082 | Abyss:2  | Reached skill level 21 in Armour
 73307 | Abyss:2  | Found a corrupted altar of Lugonu.
 73423 | Abyss:2  | Found a corrupted altar of Lugonu.
 73938 | Abyss:2  | Learned a level 3 spell: Recall
 74042 | Abyss:2  | Received a gift from Okawaru
 75012 | Abyss:2  | Gained mutation: You are clumsy. (Dex -2) [a neqoxec]
 75108 | Abyss:2  | Gained mutation: Scrolls take you a little longer to read. [a neqoxec]
 75161 | Abyss:2  | Reached skill level 23 in Air Magic
 75215 | Abyss:2  | Gained mutation: You are very clumsy. (Dex -4) [a neqoxec]
 75240 | Abyss:2  | Found a corrupted altar of Lugonu.
 75273 | Abyss:2  | Found a corrupted altar of Lugonu.
 75293 | Abyss:2  | Found a shimmering altar of Xom.
 75293 | Abyss:2  | Found a shimmering altar of Xom.
 75294 | Abyss:2  | Found a shimmering altar of Xom.
 75295 | Abyss:2  | Found a shimmering altar of Xom.
 75295 | Abyss:2  | Found a corrupted altar of Lugonu.
 75295 | Abyss:2  | Found a shimmering altar of Xom.
 75295 | Abyss:2  | Found a shimmering altar of Xom.
 75300 | Abyss:2  | Found a shimmering altar of Xom.
 75305 | Abyss:2  | Found a shimmering altar of Xom.
 75305 | Abyss:2  | Found a shimmering altar of Xom.
 75306 | Abyss:2  | Found a shimmering altar of Xom.
 75306 | Abyss:2  | Found a shimmering altar of Xom.
 75306 | Abyss:2  | Found a shimmering altar of Xom.
 75306 | Abyss:2  | Found a shimmering altar of Xom.
 75306 | Abyss:2  | Found a shimmering altar of Xom.
 75307 | Abyss:2  | Found a shimmering altar of Xom.
 75307 | Abyss:2  | Found a shimmering altar of Xom.
 75334 | Abyss:2  | Reached skill level 22 in Armour
 75688 | Abyss:2  | Received a gift from Okawaru
 75689 | Abyss:2  | Got a pair of jewelled boots {god gift}
 75708 | Abyss:2  | Identified the +1 pair of boots of Leapfrog {Int+5} (Okawaru gifted it to you on level 2 of the Abyss)
 76002 | Abyss:2  | Got a pair of brightly glowing gloves
 76005 | Abyss:2  | Identified the +2 pair of gloves "Fizin" {Int+2 Dex+3} (You found it on level 2 of the Abyss)
 76102 | Abyss:2  | Found a basalt altar of Yredelemnul.
 76135 | Depths:4 | Escaped the Abyss
 76489 | Lair:1   | Lost mutation: You are very clumsy. (Dex -4) [potion of mutation]
 76489 | Lair:1   | Lost mutation: You are clumsy. (Dex -2) [potion of mutation]
 76489 | Lair:1   | Lost mutation: You are weak. (Str -2) [potion of mutation]
 76489 | Lair:1   | Lost mutation: Scrolls take you a little longer to read. [potion of mutation]
 76489 | Lair:1   | Gained mutation: Your body sometimes deteriorates upon taking damage. [potion of mutation]
 76489 | Lair:1   | Gained mutation: Your mind is acute. (Int +2) [potion of mutation]
 76489 | Lair:1   | Gained mutation: You have sharp toenails. [potion of mutation]
 76851 | Depths:4 | Voluntarily entered the Abyss.
 76989 | Depths:4 | Escaped the Abyss
 76991 | Depths:4 | Voluntarily entered the Abyss.
 77042 | Abyss:1  | Noticed an ancient lich
 77063 | Abyss:1  | Killed an ancient lich
 77077 | Abyss:1  | Reached skill level 23 in Armour
 77173 | Abyss:1  | Found a corrupted altar of Lugonu.
 77186 | Abyss:1  | Received a gift from Okawaru
 77668 | Abyss:1  | Got a distressingly furry plate armour
 77669 | Abyss:1  | Identified the +4 plate armour of the Moon {rC+} (You found it on level 1 of the Abyss)
 77806 | Abyss:1  | Found a roughly hewn altar of Beogh.
 78097 | Abyss:1  | Found a corrupted altar of Lugonu.
 78251 | Abyss:2  | Gained mutation: You are clumsy. (Dex -2) [a neqoxec]
 78398 | Abyss:2  | Found a corrupted altar of Lugonu.
 78459 | Abyss:2  | Found a corrupted altar of Lugonu.
 78528 | Abyss:2  | Received a gift from Okawaru
 78529 | Abyss:2  | Got a pair of bloodstained gloves {god gift}
 78604 | Abyss:2  | Found a corrupted altar of Lugonu.
 78633 | Abyss:2  | Identified the +0 pair of gloves of Syniz {rPois rN++ Str-5 Dex+2} (Okawaru gifted it to you on level 2 of the Abyss)
 79228 | Abyss:2  | Gained mutation: Scrolls take you a little longer to read. [a neqoxec]
 79309 | Abyss:2  | Reached skill level 11 in Spellcasting
 79309 | Abyss:2  | Reached skill level 24 in Air Magic
 79612 | Abyss:2  | Paralysed by you for 4 turns
 80046 | Depths:4 | Escaped the Abyss
 80474 | Lair:1   | Got an encrusted cloak
 80477 | Lair:1   | Identified the +1 cloak of Vampiric Thralls {rC+ rCorr MP+9} (You acquired it on level 1 of the Lair of Beasts)
 80913 | Depths:4 | Voluntarily entered the Abyss.
 80977 | Abyss:1  | Paralysed by accursed screaming for 2 turns
 80991 | Abyss:1  | Reached skill level 24 in Armour
 80992 | Abyss:1  | Paralysed by accursed screaming for 1 turns
 81041 | Abyss:1  | Received a gift from Okawaru
 81066 | Depths:4 | Escaped the Abyss
 81260 | Depths:4 | Voluntarily entered the Abyss.
 81635 | Abyss:1  | Received a gift from Okawaru
 81807 | Abyss:1  | Reached skill level 12 in Spellcasting
 81946 | Abyss:3  | Found a corrupted altar of Lugonu.
 82353 | Abyss:3  | Found a corrupted altar of Lugonu.
 82748 | Abyss:3  | Found a corrupted altar of Lugonu.
 82752 | Abyss:3  | Got an abyssal rune of Zot
 82792 | Depths:4 | Escaped the Abyss
 82874 | Depths:2 | Bought a scroll of teleportation for 300 gold pieces
 82874 | Depths:2 | Bought a scroll of holy word for 750 gold pieces
 83361 | Slime:5  | Entered Level 5 of the Pits of Slime
 83515 | Slime:5  | Gained mutation: You do not regenerate when monsters are visible. [a shining eye]
 83528 | Slime:5  | Gained mutation: You are weak. (Str -2) [a shining eye]
 83748 | Slime:5  | Gained mutation: Scrolls take you longer to read. [a shining eye]
 83763 | Slime:5  | Gained mutation: Scrolls take you much longer to read. [a shining eye]
 83892 | Slime:5  | Noticed the Royal Jelly
 83947 | Slime:4  | Learned a level 6 spell: Shadow Creatures
 84051 | Slime:5  | Found a viscous altar of Jiyva.
 84114 | Slime:5  | Killed the Royal Jelly
 84229 | Slime:5  | Got a slimy rune of Zot
 84258 | Slime:5  | Got a warped scale mail
 84266 | Slime:5  | Got a slimy morningstar
 84323 | Slime:5  | Identified the +11 morningstar of the Demagogue {crush, Int+2} (You found it on level 5 of the Pits of Slime)
 84330 | Slime:5  | Identified the +1 scale mail "Beruma" {*Contam +Blink rPois} (You found it on level 5 of the Pits of Slime)
 84692 | Trove    | Entered a treasure trove
 84705 | Trove    | Identified Weozish's Compendium of Earth and Orientation
 84708 | Trove    | Identified the Disquisition on Execration
 84714 | Trove    | Identified Sif Muna's Papyrus of Congealing Augmentations
 84737 | Trove    | Identified Sif Muna's Disquisition on Aid
 84997 | Temple   | Fell from the grace of Okawaru
 84997 | Temple   | Became a worshipper of the Shining One
 85746 | Crypt:1  | Entered Level 1 of the Crypt
 85832 | Crypt:1  | Reached * piety under the Shining One
 85969 | Crypt:1  | Reached ** piety under the Shining One
 85979 | Crypt:1  | Paralysed by a vampire knight for 7 turns
 86115 | Crypt:1  | Paralysed by a vampire knight for 3 turns
 86204 | Crypt:1  | Reached *** piety under the Shining One
 86374 | Crypt:1  | Reached skill level 25 in Armour
 86536 | Crypt:1  | Reached **** piety under the Shining One
 86735 | Crypt:2  | Reached skill level 13 in Spellcasting
 86862 | Crypt:2  | Reached ***** piety under the Shining One
 87671 | Crypt:3  | Entered Level 3 of the Crypt
 87898 | Crypt:3  | Reached skill level 8 in Evocations
 87926 | Crypt:3  | Noticed Khufu
 87934 | Crypt:3  | Noticed a greater mummy
 87934 | Crypt:3  | Reached ****** piety under the Shining One
 87942 | Crypt:3  | Killed Khufu
 87945 | Crypt:3  | Noticed a greater mummy
 87950 | Crypt:3  | Killed a greater mummy
 87950 | Crypt:3  | Reached skill level 8 in Stealth
 87960 | Crypt:3  | Killed a greater mummy
 88157 | Crypt:3  | Found an ancient bone altar of Kikubaaqudgha.
 88163 | Crypt:3  | Reached skill level 13 in Invocations
 88242 | Crypt:3  | Learned a level 2 spell: Swiftness
 88247 | Crypt:3  | Learned a level 4 spell: Airstrike
 88252 | Crypt:3  | Learned a level 4 spell: Summon Lightning Spire
 88259 | Crypt:3  | Learned a level 6 spell: Deflect Missiles
 88382 | Crypt:3  | Noticed an ancient lich
 88396 | Crypt:3  | Killed an ancient lich
 88399 | Crypt:3  | Got a coiled golden ring
 88407 | Crypt:3  | Identified the Volume of the Forsaken Beds
 88431 | Crypt:3  | Identified the ring of Ysmix {MR+ Int+4 SInv} (You found it on level 3 of the Crypt)
 89036 | Crypt:3  | Noticed Sojobo
 89059 | Crypt:3  | Killed Sojobo
 89238 | Crypt:3  | Reached skill level 9 in Evocations
 89247 | Crypt:3  | Reached skill level 25 in Air Magic
 89282 | Crypt:3  | Found a staircase to the Tomb.
 89287 | Crypt:3  | Identified the Reference Book on Unholy Secrets
 89925 | Crypt:3  | Learned a level 2 spell: Shroud of Golubria
 91484 | Lair:1   | Upgraded the game from 0.22-a0-284-g99d1f74 to 0.22-a0-293-gc9362ec
 91528 | Lair:1   | Learned a level 6 spell: Conjure Ball Lightning
 91544 | Lair:1   | Got a pair of crude boots
 91548 | Lair:1   | Identified the +5 pair of boots "Bojaa" {*Contam Str+5} (You acquired it on level 1 of the Lair of Beasts)
 91852 | Hell     | Entered the Vestibule of Hell
 91860 | Hell     | Noticed Geryon
 91870 | Hell     | Reached skill level 19 in Axes
 91890 | Hell     | Killed Geryon
 91919 | Hell     | Reached skill level 9 in Stealth
 92003 | Hell     | Reached skill level 14 in Invocations
 92121 | Hell     | Found a gateway to the decaying netherworld of Tartarus.
 92200 | Hell     | Found a gateway to the ashen valley of Gehenna.
 92361 | Hell     | Found a gateway to the Iron City of Dis.
 92420 | Hell     | Found a gateway to the freezing wastes of Cocytus.
 92589 | Geh:1    | Entered Level 1 of Gehenna
 92782 | Geh:1    | HP: 52/244 [titan skeleton (30)]
 93374 | Geh:1    | Reached skill level 10 in Evocations
 93398 | Geh:2    | Reached skill level 9 in Throwing
 94383 | Geh:3    | Reached skill level 16 in Shields
 94389 | Geh:3    | Reached skill level 14 in Spellcasting
 94639 | Geh:3    | Reached skill level 20 in Axes
 95030 | Geh:3    | HP: 61/246 [Brimstone Fiend/damnation[the effects of Hell] (28)]
 95241 | Geh:3    | Reached skill level 13 in Dodging
 95335 | Geh:4    | Reached skill level 10 in Throwing
 95402 | Geh:4    | Reached skill level 21 in Fighting
 95402 | Geh:4    | Reached skill level 5 in Charms
 96122 | Geh:4    | Was forgiven by Okawaru
 96375 | Geh:5    | Reached skill level 6 in Charms
 96613 | Geh:5    | HP: 50/247 [Brimstone Fiend/damnation (29)]
 96618 | Geh:5    | HP: 29/247 [??? (14)]
 97047 | Geh:5    | Reached skill level 17 in Shields
 97439 | Geh:6    | Reached skill level 7 in Charms
 97768 | Geh:6    | Gained mutation: You are very weak. (Str -4) [mutagenic glow]
 97870 | Geh:6    | Gained mutation: You occasionally shout uncontrollably at your foes. [mutagenic glow]
 98034 | Geh:7    | Entered Level 7 of Gehenna
 98165 | Geh:7    | Reached skill level 15 in Invocations
 98218 | Geh:7    | Reached skill level 14 in Dodging
 98241 | Geh:7    | HP: 56/248 [reaper/vampiric scythe[the effects of Hell] (36)]
 98299 | Geh:7    | Gained mutation: You tend to lose your temper in combat. [mutagenic glow]
 98349 | Geh:7    | Gained mutation: You are occasionally teleported next to monsters. [mutagenic glow]
 98392 | Geh:7    | Reached skill level 8 in Charms
 98753 | Geh:7    | Reached skill level 22 in Fighting
 98836 | Geh:7    | Reached skill level 15 in Spellcasting
 98867 | Geh:7    | HP: 54/248 [Brimstone Fiend/damnation (25)]
 98896 | Geh:7    | Got a coiled granite ring
 98900 | Geh:7    | Identified the ring of Spite {Int+5 SInv} (You found it on level 7 of Gehenna)
 99046 | Geh:7    | Noticed the Serpent of Hell
 99068 | Geh:7    | Killed the Serpent of Hell
 99144 | Geh:7    | Reached skill level 18 in Shields
 99180 | Geh:7    | Reached skill level 21 in Axes
 99213 | Geh:7    | Gained mutation: You are very clumsy. (Dex -4) [mutagenic glow]
 99311 | Geh:7    | Reached skill level 16 in Invocations
 99430 | Geh:7    | Identified the Grimoire of the Mountains
 99464 | Geh:7    | Noticed Asmodeus
 99482 | Geh:7    | Killed Asmodeus
 99489 | Geh:7    | Got an obsidian rune of Zot
100678 | Tar:1    | Entered Level 1 of Tartarus
101374 | Tar:1    | Reached skill level 17 in Invocations
101517 | Tar:1    | Reached skill level 15 in Dodging
102024 | Tar:2    | Reached skill level 23 in Fighting
102073 | Tar:2    | Reached skill level 22 in Axes
102197 | Tar:2    | Reached skill level 19 in Shields
102590 | Tar:2    | Reached skill level 18 in Invocations
102718 | Depths:4 | Voluntarily entered the Abyss.
103168 | Abyss:1  | Reached skill level 19 in Invocations
103309 | Abyss:1  | Found a corrupted altar of Lugonu.
103338 | Abyss:1  | Reached skill level 24 in Fighting
103345 | Abyss:1  | Reached skill level 20 in Shields
103352 | Abyss:1  | Lost mutation: Your mind is acute. (Int +2) [a neqoxec]
103873 | Abyss:2  | Reached skill level 2 in Translocations
104176 | Abyss:2  | Paralysed by you for 2 turns
104258 | Abyss:2  | Gained mutation: You frequently scream uncontrollably at your foes. [a neqoxec]
104265 | Abyss:2  | Reached skill level 3 in Translocations
104442 | Abyss:2  | Paralysed by accursed screaming for 1 turns
104455 | Abyss:2  | Paralysed by a great orb of eyes for 4 turns
104534 | Abyss:2  | Reached skill level 4 in Translocations
104584 | Abyss:2  | Reached skill level 20 in Invocations
104612 | Abyss:2  | Found a corrupted altar of Lugonu.
105008 | Abyss:2  | Gained mutation: Armour fits poorly on your strangely shaped body. [a cacodemon]
105064 | Abyss:2  | Gained mutation: Your magical capacity is low. (-10% MP) [a cacodemon]
105203 | Abyss:2  | Reached skill level 25 in Fighting
105240 | Abyss:2  | Reached skill level 21 in Invocations
105348 | Abyss:2  | Found a corrupted altar of Lugonu.
105531 | Abyss:2  | Gained mutation: Your magical capacity is extremely low. (-30% MP) [a neqoxec]
105537 | Abyss:2  | Reached skill level 22 in Invocations
105758 | Depths:4 | Escaped the Abyss
105862 | Depths:4 | Voluntarily entered the Abyss.
105945 | Abyss:1  | Reached skill level 23 in Invocations
105968 | Abyss:1  | HP: 52/256 [??? (25)]
106176 | Abyss:2  | Found a corrupted altar of Lugonu.
106371 | Abyss:2  | Reached skill level 24 in Invocations
106806 | Abyss:2  | Found a corrupted altar of Lugonu.
107116 | Abyss:2  | Reached skill level 25 in Invocations
107307 | Depths:4 | Escaped the Abyss
107391 | Depths:4 | Voluntarily entered the Abyss.
107542 | Abyss:1  | Reached skill level 11 in Summonings
107650 | Abyss:1  | Reached skill level 12 in Summonings
108210 | Abyss:1  | Found an ornate altar of the Wu Jian Council.
108573 | Abyss:1  | Gained mutation: You frequently scream uncontrollably at your foes. [a neqoxec]
108583 | Abyss:1  | Gained mutation: Your body often deteriorates upon taking damage. [a neqoxec]
108586 | Abyss:1  | Reached skill level 13 in Summonings
108588 | Abyss:1  | Gained mutation: You are dopey. (Int -2) [a neqoxec]
109084 | Abyss:2  | Reached skill level 14 in Summonings
109362 | Abyss:2  | Paralysed by accursed screaming for 1 turns
109469 | Abyss:2  | Gained mutation: You expend magic power (3 MP) to strengthen your wands. [a cacodemon]
109537 | Abyss:2  | Reached skill level 15 in Summonings
109955 | Abyss:2  | Reached skill level 16 in Summonings
109987 | Abyss:2  | Gained mutation: You are sometimes teleported next to monsters. [a neqoxec]
110574 | Abyss:2  | Reached skill level 17 in Summonings
110580 | Abyss:2  | Noticed an ancient lich
110581 | Abyss:2  | Gained mutation: You often lose your temper in combat. [a neqoxec]
110583 | Abyss:2  | Lost mutation: Your spells are a little harder to cast, but a little more powerful. [a neqoxec]
110595 | Abyss:2  | Killed an ancient lich
110746 | Abyss:2  | Gained mutation: Your magical capacity is extremely low. (-30% MP) [a neqoxec]
111159 | Abyss:2  | Reached skill level 18 in Summonings
111302 | Abyss:3  | Found a corrupted altar of Lugonu.
111465 | Abyss:4  | Paralysed by accursed screaming for 1 turns
111594 | Abyss:4  | Reached skill level 19 in Summonings
111661 | Abyss:4  | Paralysed by accursed screaming for 1 turns
111696 | Abyss:4  | HP: 48/212 [starcursed mass/accursed screaming (6)]
111702 | Abyss:4  | HP: 21/266 [starcursed mass/accursed screaming (5)]
111708 | Abyss:4  | HP: 27/266 [starcursed mass/accursed screaming (6)]
111757 | Abyss:4  | HP: 56/266 [smoke demon/divine providence (13)]
111763 | Abyss:4  | HP: 54/266 [smoke demon (2)]
111771 | Abyss:4  | HP: 44/266 [??? (21)]
111772 | Abyss:4  | Reached skill level 20 in Summonings
111806 | Abyss:4  | HP: 87/358 [shadow dragon (6)]
111829 | Abyss:4  | HP: 62/266 [green very ugly thing (11)]
111840 | Abyss:4  | HP: 32/266 [green very ugly thing (14)]
111846 | Abyss:4  | Reached skill level 10 in Stealth
111849 | Abyss:4  | HP: 60/266 [wretched star/orb of energy (12)]
111855 | Abyss:4  | HP: 39/266 [blink frog (6)]
111867 | Abyss:4  | HP: 31/186 [starcursed mass/accursed screaming (5)]
111875 | Abyss:4  | HP: 26/186 [starcursed mass/accursed screaming (9)]
111880 | Abyss:4  | HP: 15/212 [smoke demon/divine providence (15)]
111882 | Abyss:4  | HP: 7/212 [smoke demon/divine providence (10)]
111884 | Abyss:4  | Was placed under penance by the Shining One
111896 | Depths:4 | Escaped the Abyss
112188 | Depths:4 | Voluntarily entered the Abyss.
112216 | Abyss:1  | Reached skill level 11 in Stealth
112226 | Abyss:1  | Was forgiven by the Shining One
112284 | Depths:4 | Escaped the Abyss
112463 | Depths:4 | Voluntarily entered the Abyss.
112493 | Abyss:1  | Noticed an ancient lich
112510 | Abyss:1  | Killed an ancient lich
112510 | Abyss:1  | Reached skill level 12 in Stealth
112523 | Abyss:1  | Noticed an ancient lich
112533 | Abyss:1  | Killed an ancient lich
112667 | Abyss:1  | Gained mutation: Potions are less effective at restoring your health. [a neqoxec]
112674 | Abyss:1  | Gained mutation: You are often teleported next to monsters. [a neqoxec]
112696 | Abyss:1  | Found a corrupted altar of Lugonu.
112815 | Abyss:1  | Reached skill level 13 in Stealth
113044 | Abyss:1  | Found a corrupted altar of Lugonu.
113214 | Abyss:1  | Found a corrupted altar of Lugonu.
113244 | Abyss:1  | Found a corrupted altar of Lugonu.
113326 | Abyss:1  | Paralysed by accursed screaming for 1 turns
113548 | Depths:4 | Escaped the Abyss
113627 | Depths:3 | Learned a level 9 spell: Dragon's Call
113632 | Depths:3 | Learned a level 2 spell: Blink
113706 | Depths:4 | Voluntarily entered the Abyss.
113789 | Abyss:1  | Gained mutation: You have an uncontrollable temper. [a neqoxec]
113921 | Abyss:1  | Reached skill level 14 in Stealth
114051 | Abyss:1  | Lost mutation: Scrolls take you much longer to read. [a neqoxec]
114096 | Abyss:1  | Paralysed by accursed screaming for 1 turns
114504 | Abyss:1  | Reached skill level 21 in Summonings
115093 | Abyss:1  | Reached skill level 15 in Stealth
115176 | Abyss:1  | Gained mutation: You are frail. (-10% HP) [a neqoxec]
115323 | Abyss:1  | HP: 59/239 [starcursed mass/accursed screaming (6)]
115330 | Abyss:1  | HP: 50/239 [large abomination (19)]
115339 | Abyss:1  | HP: 23/186 [starcursed mass/accursed screaming (9)]
115345 | Abyss:1  | HP: 23/186 [starcursed mass/accursed screaming (5)]
115781 | Abyss:1  | Reached skill level 22 in Summonings
116002 | Depths:4 | Escaped the Abyss
116103 | Zot:4    | Upgraded the game from 0.22-a0-293-gc9362ec to 0.22-a0-299-g43f9854
116182 | Zot:5    | Entered Level 5 of the Realm of Zot
116320 | Zot:5    | HP: 37/239 [Orb Guardian (29)]
116330 | Zot:5    | HP: 20/239 [green draconian scorcher/damnation (12)]
116330 | Zot:5    | The Shining One protects you from harm!
116337 | Zot:5    | HP: 33/239 [tentacled monstrosity (4)]
116343 | Zot:5    | HP: 47/239 [electric golem (1)]
116355 | Zot:5    | HP: 37/239 [black draconian/bolt of lightning (12)]
116702 | Zot:5    | Noticed an orb of fire
116703 | Zot:5    | Gained mutation: Scrolls take you much longer to read. [an orb of fire]
116714 | Zot:5    | Killed an orb of fire
116714 | Zot:5    | Reached skill level 23 in Summonings
116722 | Zot:5    | Noticed an ancient lich
116726 | Zot:5    | Noticed an ancient lich
116730 | Zot:5    | Killed an ancient lich
116742 | Zot:5    | Killed an ancient lich
116798 | Zot:5    | Noticed an orb of fire
116818 | Zot:5    | Killed an orb of fire
116826 | Zot:5    | HP: 40/239 [??? (20)]
116832 | Zot:5    | Reached skill level 24 in Summonings
116861 | Zot:5    | HP: 38/239 [Orb Guardian (26)]
117003 | Zot:5    | Noticed an orb of fire
117024 | Zot:5    | Gained mutation: You are very dopey. (Int -4) [an orb of fire]
117028 | Zot:5    | Killed an orb of fire
117034 | Zot:5    | HP: 55/239 [golden dragon (11)]
117788 | Zot:5    | Got a brightly glowing ring mail
117792 | Zot:5    | Identified the +4 ring mail "Ytsergh" {rPois} (You found it on level 5 of the Realm of Zot)
118281 | Tar:2    | Reached skill level 25 in Summonings
118957 | Tar:3    | Gained mutation: Your spells are a little easier to cast, but a little less powerful. [mutagenic glow]
119418 | Tar:3    | HP: 51/230 [???[a doom hound] (25)]
119420 | Tar:3    | HP: 24/230 [???[a doom hound] (11)]
119425 | Tar:3    | HP: 50/230 [flayed ghost/flay_damage[a vampire mage] (25)]
119717 | Tar:3    | Reached skill level 21 in Shields
120639 | Tar:4    | Reached skill level 16 in Dodging
121393 | Tar:5    | Reached skill level 26 in Armour
121607 | Tar:5    | Reached skill level 22 in Shields
122281 | Tar:5    | Reached skill level 17 in Dodging
122542 | Tar:5    | Reached skill level 23 in Shields
123619 | Tar:6    | Reached skill level 18 in Dodging
124205 | Tar:6    | Reached skill level 24 in Shields
124268 | Tar:6    | Gained mutation: You are very frail. (-20% HP) [mutagenic glow]
124298 | Tar:6    | Lost mutation: You are very frail. (-20% HP) [mutagenic glow]
124326 | Tar:7    | Entered Level 7 of Tartarus
124678 | Tar:7    | HP: 45/200 [doom hound (9)]
124902 | Tar:7    | Reached skill level 19 in Dodging
125748 | Tar:7    | Reached skill level 25 in Shields
125748 | Tar:7    | Reached skill level 16 in Spellcasting
126806 | Tar:7    | HP: 37/192 [???[a doom hound] (17)]
126815 | Tar:7    | HP: 46/192 [??? (22)]
126818 | Tar:7    | HP: 15/192 [reaper/scythe of protection[the effects of Hell] (10)]
126820 | Tar:7    | The Shining One protects you from harm!
126820 | Tar:7    | Lost mutation: You are very weak. (Str -4) [mutagenic glow]
126822 | Tar:7    | The Shining One protects you from harm!
127118 | Tar:7    | Noticed Ereshkigal
127121 | Tar:7    | HP: 42/223 [Ereshkigal/bolt of cold (15)]
127123 | Tar:7    | HP: 17/222 [??? (7)]
127123 | Tar:7    | Killed by the effects of Hell

Vault maps used:
D:1:      dpeg_arrival_shelter
D:2:      overflow_temple_1_default, serial_forest,
          infiniplex_forest_lined_room_3, infiniplex_forest_clump_diagonal,
          infiniplex_forest_lined_room_, infiniplex_forest_straight_2,
          infiniplex_forest_3_way, infiniplex_forest_straight_4, first_ration,
          minmay_crystal_room, uniq_natasha
D:3:      serial_park_tiny_pond, nemelex_lonely_heart_becter
D:4:      serial_aquarium, aquarium_bridge_square, aquarium_window_2,
          aquarium_window_3, aquarium_view_2d, aquarium_pool_2, uniq_edmund
D:5:      uniq_menkaure, uniq_duvessa
D:6:      basic_altar
D:7:      xom_redecorated, minmay_temple_entry_junction_2,
          hangedman_decor_diamond_cutter
D:8:      erik_lair_orcish_takeover, serial_shops, nicolae_shop_waterfront,
          hangedman_ranch, hangedman_glass_teeth
D:9:      eat_drink_and_be_merry_uskayaw, grunt_temple_overflow_forces_of_nature
D:11:     hiddenorc2_lemuel
D:12:     serial_shops, kennysheep_mini
D:13:     grunt_vaults_entry_tiered, basic_altar,
          portal_ice_cave_entry_ice_beasts
D:14:     kennysheep_bubble_arena, amethyst_killhole, minivault_5, hex_medium,
          minmay_item_behind_shaft
D:15:     grunt_enter_depths_snipers, lemuel_hellish_altar, uniq_kirke,
          uniq_roxanne
Temple:   minmay_temple_bridge_d
Lair:1:   st_stairs_3, uniq_sonja
Lair:2:   minmay_swamp_entry_eels, basic_altar, grunt_megastairs_5,
          serial_bayou_shore_b
Lair:3:   spider_nest_entry_funnel_web, minmay_holes, minmay_lindwurm_lava
Lair:4:   st_stairs_11, patterned_corridor
Lair:5:   minmay_slime_entry_jelly_boxes, special_room, basic_altar
Lair:6:   cheibrodos_lair_end_hotspot
Swamp:1:  nicolae_swamp_fairy_circle
Swamp:2:  hangedman_swamp_ruin_hall, uniq_jorgrun, uniq_louise, uniq_aizul
Swamp:3:  hangedman_swamp_diagram, infiniplex_staircase_pool
Swamp:4:  swamp_fiery
Spider:2: uniq_arachne
Spider:3: nicolae_spider_cling_ruins
Spider:4: floodkiller_spider_rune_tomb, guppyfry_spider_mini_3, uniq_donald
Slime:1:  cheibrodos_slime_lost_civilization_9
Slime:4:  nicolae_slime_barrier, cheibrodos_slime_lost_civilization_4
Orc:1:    uniq_harold
Orc:2:    grunt_orc_tribal_feast
Elf:1:    minmay_elf_arrival_plus, trove_entry_hex_spiral, basic_altar,
          hangedman_elf_disciples, einodemon_crawler_minivault
Elf:3:    minmay_elf_hall_curves, serial_shops, nicolae_shop_waterfront,
          grunt_megastairs_4
Vaults:1: dpeg_vaults_monster_box, hangedman_vaults_cutoff, vaults_room_octagon,
          ontoclasm_vaults_hangar, nicolae_vaults_little_squares_3, v_misc_30,
          hangedman_vaults_maws, v_misc_11, nicolae_vaults_stairing_the_circle,
          nicolae_vaults_little_squares_2, vaults_mumra_chevron_long, v_misc_16
Vaults:2: ontoclasm_vaults_bender, ontoclasm_vaults_loading_screen,
          dpeg_vaults_monster_row, hangedman_vaults_restitches,
          nicolae_vaults_alarming, minmay_crypt_entry_necro_gods,
          stair_cage_open, v_misc_2, v_misc_22, vaults_mumra_lcd, serial_ice_g,
          v_misc_3
Vaults:3: hangedman_vaults_stagger, vaults_mumra_minichess_inversion,
          hangedman_vaults_cutoff, nicolae_vaults_specimen_jars,
          grunt_vaults_twisty, hangedman_vaults_snaps
Vaults:4: v_pattern_4, ontoclasm_vaults_decontamination, nicolae_vaults_big_ls,
          v_rooms_3, vaults_room_ringed_pool, v_misc_4, v_misc_11,
          vaults_room_pool, v_rooms_6, nicolae_vaults_rhombus_6,
          ontoclasm_vaults_ring_square, vaults_room_semicircle, v_misc_25,
          v_misc_23, serial_shops, shop, uniq_jory
Vaults:5: serial_shops
Crypt:1:  grunt_megastairs_3, grunt_crypt_arrival_webbed
Crypt:3:  evilmike_haunted_forest, uniq_sojobo, uniq_khufu
Depths:1: dk_noncrumbling_2, hell_entry, grunt_decor_one_mirror,
          feat_on_display, grunt_megastairs_2, minmay_shoptagon, firewood_loft
Depths:2: kennysheep_gozag_temple, grunt_mini_vestibule,
          infiniplex_staircase_door_maze
Depths:3: kennysheep_large_spiral, enter_ziggurat_f, minmay_misc_feat_x,
          hellmouth_1, pan_entry, minmay_staircase_statues, uniq_bai_suzhen
Depths:4: minmay_connected_triangles_in_corner, abyss_entry_crystal,
          pf_coc_iceberg, infiniplex_staircase_diamond, serial_bayou_shore_a
Depths:5: grunt_x_marks_the_spot, abyss_entry, pf_vacation_house_of_asmodeus,
          minmay_misc_feat_cross, hangedman_decor_riveting,
          hangedman_abyss_or_decor_stabs, minivault_11
Geh:3:    gehenna_fire_generator
Geh:5:    minmay_fire_ice_demons
Geh:6:    gehenna_fire_generator, gehenna_fire_generator
Geh:7:    geh_grunt
Tar:4:    nicolae_tar_cuneiform_bread, hangedman_tartarus_temple_path,
          nicolae_tar_cuneiform_oil
Tar:5:    lemuel_elevator
Tar:7:    tar_minmay_river
Zot:1:    circus_mu, zot_minivault_4
Zot:2:    gammafunk_its_a_trap
Zot:4:    kennysheep_six_static_rooms
Zot:5:    basic_stair_grate_trap
Abyss:1:  hangedman_abyss_or_decor_jellyfish_corner, hangedman_relentless_pull,
          evilmike_abyss_exit_8, evilmike_abyss_exit_9
Abyss:2:  evilmike_abyss_exit_12, abyss_greek_temple,
          evilmike_abyss_exit_mutagenic, minivault_19, bh_abyss_exit_grid,
          minivault_27, evilmike_abyss_exit_5, hangedman_abyss_or_decor_clamps,
          evilmike_abyss_exit_13
Abyss:3:  nicolae_abyss_rune_star_stuff, hangedman_steaming_rock,
          evilmike_abyss_exit_8
Abyss:4:  guppyfry_abyss_exit_glass_guarded, hangedman_abyss_rune_macabre_mess,
          evilmike_abyss_exit_3, evilmike_abyss_exit_plants
Trove:    trove_library
IceCv:    ice_cave_small_demon

Skill      XL: |  1  2  3  4  5  6  7  8  9 10 11 12 13 14 15 16 17 18 19 20 21 22 23 24 25 26 27 |
---------------+----------------------------------------------------------------------------------+-----
Axes           | 3 4 5 6 8 10 11 12 13 14 15 16 17 18 22 | 22.3
Invocations    | 1 2 4 5 7 8 9 10 11 12 25 | 25.0
Fighting       | 4 5 6 8 9 10 11 12 13 14 16 17 18 20 25 | 25.0
Dodging        | 1 2 3 5 6 7 8 9 10 11 12 19 | 19.8
Armour         | 4 5 6 7 9 10 11 12 13 15 16 18 20 26 | 26.0
Shields        | 4 5 6 7 9 10 11 12 13 15 25 | 25.0
Stealth        | 1 2 4 5 7 15 | 15.0
Evocations     | 1 3 5 7 10 | 10.0
Throwing       | 2 4 5 7 8 10 | 10.0
Earth Magic    | 2 |  2.0
Translocations | 1 4 |  4.0
Summonings     | 3 5 9 10 25 | 25.0
Spellcasting   | 2 6 7 16 | 16.5
Air Magic      | 8 13 16 18 20 25 | 25.0
Charms         | 4 8 |  8.0

Action                   |  1- 3 |  4- 6 |  7- 9 | 10-12 | 13-15 | 16-18 | 19-21 | 22-24 | 25-27 || total
-------------------------+-------+-------+-------+-------+-------+-------+-------+-------+-------++-------
Melee: War axe           |   120 |   172 |   432 |   327 |       |       |       |       |       ||  1051
       Hand axe          |       |       |       |    24 |    16 |    18 |       |       |       ||    58
       Broad axe         |       |       |       |   286 |  1150 |  1398 |  1349 |  1633 | 14342 || 20158
       Unarmed           |       |       |       |       |       |     3 |       |       |    24 ||    27
       Bite              |       |       |       |       |       |       |       |       |   179 ||   179
 Fire: Hunting sling     |       |       |       |    19 |   126 |       |       |       |       ||   145
Throw: Tomahawk          |       |       |       |    15 |       |    11 |       |       |       ||    26
       Javelin           |       |       |       |       |       |       |    54 |    12 |    47 ||   113
 Cast: Aura of Abjuratio |       |       |       |       |       |       |    16 |     6 |    75 ||    97
       Apportation       |       |       |       |       |       |       |     1 |       |    94 ||    95
       Summon Butterflie |       |       |       |       |       |       |       |       |     2 ||     2
       Regeneration      |       |       |       |       |       |       |       |       |    44 ||    44
       Airstrike         |       |       |       |       |       |       |       |       |    27 ||    27
       Tornado           |       |       |       |       |       |       |       |       |    25 ||    25
       Shroud of Golubri |       |       |       |       |       |       |       |       |    21 ||    21
       Shadow Creatures  |       |       |       |       |       |       |       |       |    15 ||    15
       Dragon's Call     |       |       |       |       |       |       |       |       |    13 ||    13
       Deflect Missiles  |       |       |       |       |       |       |       |       |    10 ||    10
       Recall            |       |       |       |       |       |       |       |       |     2 ||     2
       Conjure Ball Ligh |       |       |       |       |       |       |       |       |     1 ||     1
       Summon Lightning  |       |       |       |       |       |       |       |       |     1 ||     1
Invok: Heroism           |       |     1 |     5 |    12 |    12 |    14 |    17 |    15 |    59 ||   135
       Finesse           |       |       |       |     1 |     1 |     5 |     4 |     7 |    17 ||    35
       Cleansing Flame   |       |       |       |       |       |       |       |       |   122 ||   122
       Divine Shield     |       |       |       |       |       |       |       |       |    13 ||    13
       Summon Divine War |       |       |       |       |       |       |       |       |    11 ||    11
 Abil: Stop Flying       |       |       |       |       |       |       |       |     2 |     2 ||     4
       Evoke Flight      |       |       |       |       |       |       |       |     2 |     2 ||     4
Evoke: Lightning rod     |       |       |       |     4 |       |       |     2 |     7 |       ||    13
       Phial of floods   |       |       |       |       |       |       |     1 |     1 |     2 ||     4
       Lamp of fire      |       |       |       |       |       |       |       |     2 |     3 ||     5
       Box of beasts     |       |       |       |       |       |       |       |       |     8 ||     8
       Wand              |       |       |       |       |       |       |       |       |     2 ||     2
       Fan of gales      |       |       |       |       |       |       |       |       |     1 ||     1
       Sack of spiders   |       |       |       |       |       |       |       |       |     1 ||     1
  Use: Scroll            |       |       |     5 |     5 |    14 |    11 |     8 |     5 |    62 ||   110
       Potion            |       |       |       |       |       |     3 |     1 |     1 |    35 ||    40
 Stab: Distracted        |       |       |       |     1 |       |     1 |     6 |     1 |    25 ||    34
       Sleeping          |       |       |       |       |       |     7 |     4 |     6 |    13 ||    30
       Invisible         |       |       |       |       |       |       |       |       |     7 ||     7
  Eat: Chunk             |     1 |     5 |    17 |    18 |    34 |    31 |    44 |    37 |   105 ||   292
       Ration            |       |       |       |       |       |     1 |       |     2 |    56 ||    59
Armor: Scale mail        |    11 |       |       |       |       |       |       |       |       ||    11
       Chain mail        |    61 |    88 |   100 |       |       |       |       |       |       ||   249
       Storm dragon scal |       |       |   108 |   269 |   354 |   183 |       |    18 |       ||   932
       Ring mail         |       |       |       |       |       |   382 |   320 |   421 |   876 ||  1999
       Fire dragon scale |       |       |       |       |       |       |       |       |  2460 ||  2460
       Skin              |       |       |       |       |       |       |       |       |     1 ||     1
Dodge: Dodged            |    24 |    33 |    81 |   202 |   318 |   655 |   441 |   719 |  5050 ||  7523
       Deflected         |       |       |       |       |       |       |       |       |   184 ||   184
Block: Shield            |    70 |    87 |   171 |   334 |   578 |   935 |   708 |   933 |  7643 || 11459
       Buckler           |       |       |       |       |     3 |       |       |       |       ||     3
       Large shield      |       |       |       |       |       |       |       |       |    88 ||    88

Table legend:
 A = Spawn XP
 B = Non-spawn XP
 C = Spawn XP percentage of total XP
 D = Spawn monster count
 E = Non-spawn monster count
 F = Spawn count percentage of total count
 G = Total turns spent on level
                    A         B        C        D         E        F      G
               +---------+---------+-------+---------+---------+-------+---------
         Total |  697231 | 3795947 |  15.5 |    1088 |    5675 |  16.1 | 127123
               +---------+---------+-------+---------+---------+-------+---------
           D:1 |       0 |      38 |   0.0 |       0 |      22 |   0.0 |   734
           D:2 |       0 |     138 |   0.0 |       0 |      17 |   0.0 |  1020
           D:3 |       0 |     282 |   0.0 |       0 |      32 |   0.0 |   862
           D:4 |       0 |     800 |   0.0 |       0 |      35 |   0.0 |  1302
           D:5 |       0 |    1204 |   0.0 |       0 |      22 |   0.0 |   686
           D:6 |       0 |    1144 |   0.0 |       0 |      27 |   0.0 |  1304
           D:7 |       0 |     397 |   0.0 |       0 |      15 |   0.0 |   943
           D:8 |       0 |    4088 |   0.0 |       0 |      38 |   0.0 |  2934
           D:9 |       0 |    3052 |   0.0 |       0 |      36 |   0.0 |  2022
          D:10 |       0 |    2408 |   0.0 |       0 |      26 |   0.0 |  1400
          D:11 |       0 |    3842 |   0.0 |       0 |      58 |   0.0 |  2321
          D:12 |       0 |    7691 |   0.0 |       0 |      48 |   0.0 |  1141
          D:13 |       0 |   19092 |   0.0 |       0 |      90 |   0.0 |  2297
          D:14 |       0 |   15582 |   0.0 |       0 |      53 |   0.0 |  1825
          D:15 |       0 |   15679 |   0.0 |       0 |      39 |   0.0 |  2070
        Lair:1 |       0 |    8444 |   0.0 |       0 |      31 |   0.0 |  2513
        Lair:2 |       0 |    4377 |   0.0 |       0 |      25 |   0.0 |  1865
        Lair:3 |       0 |    7014 |   0.0 |       0 |      23 |   0.0 |  1347
        Lair:4 |       0 |    8403 |   0.0 |       0 |      24 |   0.0 |   763
        Lair:5 |       0 |   18827 |   0.0 |       0 |      69 |   0.0 |  1644
        Lair:6 |       0 |   18009 |   0.0 |       0 |      50 |   0.0 |  1384
       Swamp:1 |       0 |    8923 |   0.0 |       0 |      29 |   0.0 |  1101
       Swamp:2 |       0 |   16267 |   0.0 |       0 |      19 |   0.0 |   914
       Swamp:3 |       0 |    5164 |   0.0 |       0 |      20 |   0.0 |   916
       Swamp:4 |       0 |   22251 |   0.0 |       0 |      47 |   0.0 |   686
      Spider:1 |       0 |   15328 |   0.0 |       0 |      42 |   0.0 |   938
      Spider:2 |       0 |   27010 |   0.0 |       0 |      64 |   0.0 |  1342
      Spider:3 |       0 |   24158 |   0.0 |       0 |      58 |   0.0 |   841
      Spider:4 |       0 |   56022 |   0.0 |       0 |     113 |   0.0 |  2111
       Slime:1 |       0 |   45902 |   0.0 |       0 |      67 |   0.0 |  1592
       Slime:2 |       0 |   22556 |   0.0 |       0 |      36 |   0.0 |   731
       Slime:3 |       0 |   11742 |   0.0 |       0 |      19 |   0.0 |   663
       Slime:4 |       0 |   17146 |   0.0 |       0 |      31 |   0.0 |   895
       Slime:5 |       0 |   38549 |   0.0 |       0 |      37 |   0.0 |   832
         Orc:1 |       0 |    3592 |   0.0 |       0 |      20 |   0.0 |   634
         Orc:2 |       0 |   12194 |   0.0 |       0 |      55 |   0.0 |   998
         Elf:1 |       0 |   43152 |   0.0 |       0 |      72 |   0.0 |  1750
         Elf:2 |       0 |   31053 |   0.0 |       0 |      40 |   0.0 |  1598
         Elf:3 |       0 |   76736 |   0.0 |       0 |      75 |   0.0 |  2263
      Vaults:1 |       0 |   29042 |   0.0 |       0 |      58 |   0.0 |  1923
      Vaults:2 |       0 |   36467 |   0.0 |       0 |      59 |   0.0 |  1861
      Vaults:3 |       0 |   28181 |   0.0 |       0 |      38 |   0.0 |  1371
      Vaults:4 |       0 |   76380 |   0.0 |       0 |     116 |   0.0 |  1670
      Vaults:5 |       0 |  197633 |   0.0 |       0 |     164 |   0.0 |  3283
       Crypt:1 |       0 |   33217 |   0.0 |       0 |      53 |   0.0 |  1073
       Crypt:2 |       0 |   20916 |   0.0 |       0 |      27 |   0.0 |   897
       Crypt:3 |       0 |   89338 |   0.0 |       0 |     114 |   0.0 |  2306
      Depths:1 |       0 |   49084 |   0.0 |       0 |      60 |   0.0 |  2122
      Depths:2 |       0 |   31379 |   0.0 |       0 |      40 |   0.0 |  1259
      Depths:3 |       0 |   71104 |   0.0 |       0 |      64 |   0.0 |  2122
      Depths:4 |    1904 |   33437 |   5.4 |       2 |      46 |   4.2 |  2265
      Depths:5 |       0 |   65246 |   0.0 |       0 |      52 |   0.0 |  2023
          Hell |       0 |   65379 |   0.0 |       0 |     101 |   0.0 |  1210
         Geh:1 |       0 |   41578 |   0.0 |       0 |      79 |   0.0 |   789
         Geh:2 |       0 |   47052 |   0.0 |       0 |      93 |   0.0 |   754
         Geh:3 |       0 |   55640 |   0.0 |       0 |      89 |   0.0 |  1160
         Geh:4 |       0 |   49949 |   0.0 |       0 |      82 |   0.0 |  1005
         Geh:5 |       0 |   68646 |   0.0 |       0 |     127 |   0.0 |  1138
         Geh:6 |       0 |   62190 |   0.0 |       0 |     120 |   0.0 |   599
         Geh:7 |       0 |  141534 |   0.0 |       0 |     166 |   0.0 |  1618
         Tar:1 |       0 |   92866 |   0.0 |       0 |     115 |   0.0 |  1191
         Tar:2 |       0 |   82663 |   0.0 |       0 |     143 |   0.0 |  1468
         Tar:3 |       0 |   66068 |   0.0 |       0 |      78 |   0.0 |  1473
         Tar:4 |       0 |   80660 |   0.0 |       0 |      93 |   0.0 |   999
         Tar:5 |       0 |  143001 |   0.0 |       0 |     191 |   0.0 |  1780
         Tar:6 |       0 |   93467 |   0.0 |       0 |      80 |   0.0 |  1276
         Tar:7 |       0 |  218240 |   0.0 |       0 |     223 |   0.0 |  2573
         Zot:1 |       0 |   91685 |   0.0 |       0 |      50 |   0.0 |  1430
         Zot:2 |       0 |   63571 |   0.0 |       0 |      29 |   0.0 |  1363
         Zot:3 |       0 |   45217 |   0.0 |       0 |      22 |   0.0 |  1263
         Zot:4 |       0 |   43150 |   0.0 |       0 |      26 |   0.0 |  1893
         Zot:5 |       0 |  152114 |   0.0 |       0 |      64 |   0.0 |  1491
       Abyss:1 |  322365 |  286228 |  53.0 |     442 |     426 |  50.9 |  8348
       Abyss:2 |  277820 |  361742 |  43.4 |     468 |     639 |  42.3 | 12616
       Abyss:3 |   15211 |   36027 |  29.7 |      36 |      49 |  42.4 |   950
       Abyss:4 |   79931 |   22315 |  78.2 |     140 |      50 |  73.7 |   520
         IceCv |       0 |    5285 |   0.0 |       0 |      25 |   0.0 |   492
               +---------+---------+-------+---------+---------+-------+---------

Vault maps used:
D:1:      dpeg_arrival_shelter
D:2:      overflow_temple_1_default, serial_forest,
          infiniplex_forest_lined_room_3, infiniplex_forest_clump_diagonal,
          infiniplex_forest_lined_room_, infiniplex_forest_straight_2,
          infiniplex_forest_3_way, infiniplex_forest_straight_4, first_ration,
          minmay_crystal_room, uniq_natasha
D:3:      serial_park_tiny_pond, nemelex_lonely_heart_becter
D:4:      serial_aquarium, aquarium_bridge_square, aquarium_window_2,
          aquarium_window_3, aquarium_view_2d, aquarium_pool_2, uniq_edmund
D:5:      uniq_menkaure, uniq_duvessa
D:6:      basic_altar
D:7:      xom_redecorated, minmay_temple_entry_junction_2,
          hangedman_decor_diamond_cutter
D:8:      erik_lair_orcish_takeover, serial_shops, nicolae_shop_waterfront,
          hangedman_ranch, hangedman_glass_teeth
D:9:      eat_drink_and_be_merry_uskayaw, grunt_temple_overflow_forces_of_nature
D:11:     hiddenorc2_lemuel
D:12:     serial_shops, kennysheep_mini
D:13:     grunt_vaults_entry_tiered, basic_altar,
          portal_ice_cave_entry_ice_beasts
D:14:     kennysheep_bubble_arena, amethyst_killhole, minivault_5, hex_medium,
          minmay_item_behind_shaft
D:15:     grunt_enter_depths_snipers, lemuel_hellish_altar, uniq_kirke,
          uniq_roxanne
Temple:   minmay_temple_bridge_d
Lair:1:   st_stairs_3, uniq_sonja
Lair:2:   minmay_swamp_entry_eels, basic_altar, grunt_megastairs_5,
          serial_bayou_shore_b
Lair:3:   spider_nest_entry_funnel_web, minmay_holes, minmay_lindwurm_lava
Lair:4:   st_stairs_11, patterned_corridor
Lair:5:   minmay_slime_entry_jelly_boxes, special_room, basic_altar
Lair:6:   cheibrodos_lair_end_hotspot
Swamp:1:  nicolae_swamp_fairy_circle
Swamp:2:  hangedman_swamp_ruin_hall, uniq_jorgrun, uniq_louise, uniq_aizul
Swamp:3:  hangedman_swamp_diagram, infiniplex_staircase_pool
Swamp:4:  swamp_fiery
Spider:2: uniq_arachne
Spider:3: nicolae_spider_cling_ruins
Spider:4: floodkiller_spider_rune_tomb, guppyfry_spider_mini_3, uniq_donald
Slime:1:  cheibrodos_slime_lost_civilization_9
Slime:4:  nicolae_slime_barrier, cheibrodos_slime_lost_civilization_4
Orc:1:    uniq_harold
Orc:2:    grunt_orc_tribal_feast
Elf:1:    minmay_elf_arrival_plus, trove_entry_hex_spiral, basic_altar,
          hangedman_elf_disciples, einodemon_crawler_minivault
Elf:3:    minmay_elf_hall_curves, serial_shops, nicolae_shop_waterfront,
          grunt_megastairs_4
Vaults:1: dpeg_vaults_monster_box, hangedman_vaults_cutoff, vaults_room_octagon,
          ontoclasm_vaults_hangar, nicolae_vaults_little_squares_3, v_misc_30,
          hangedman_vaults_maws, v_misc_11, nicolae_vaults_stairing_the_circle,
          nicolae_vaults_little_squares_2, vaults_mumra_chevron_long, v_misc_16
Vaults:2: ontoclasm_vaults_bender, ontoclasm_vaults_loading_screen,
          dpeg_vaults_monster_row, hangedman_vaults_restitches,
          nicolae_vaults_alarming, minmay_crypt_entry_necro_gods,
          stair_cage_open, v_misc_2, v_misc_22, vaults_mumra_lcd, serial_ice_g,
          v_misc_3
Vaults:3: hangedman_vaults_stagger, vaults_mumra_minichess_inversion,
          hangedman_vaults_cutoff, nicolae_vaults_specimen_jars,
          grunt_vaults_twisty, hangedman_vaults_snaps
Vaults:4: v_pattern_4, ontoclasm_vaults_decontamination, nicolae_vaults_big_ls,
          v_rooms_3, vaults_room_ringed_pool, v_misc_4, v_misc_11,
          vaults_room_pool, v_rooms_6, nicolae_vaults_rhombus_6,
          ontoclasm_vaults_ring_square, vaults_room_semicircle, v_misc_25,
          v_misc_23, serial_shops, shop, uniq_jory
Vaults:5: serial_shops
Crypt:1:  grunt_megastairs_3, grunt_crypt_arrival_webbed
Crypt:3:  evilmike_haunted_forest, uniq_sojobo, uniq_khufu
Depths:1: dk_noncrumbling_2, hell_entry, grunt_decor_one_mirror,
          feat_on_display, grunt_megastairs_2, minmay_shoptagon, firewood_loft
Depths:2: kennysheep_gozag_temple, grunt_mini_vestibule,
          infiniplex_staircase_door_maze
Depths:3: kennysheep_large_spiral, enter_ziggurat_f, minmay_misc_feat_x,
          hellmouth_1, pan_entry, minmay_staircase_statues, uniq_bai_suzhen
Depths:4: minmay_connected_triangles_in_corner, abyss_entry_crystal,
          pf_coc_iceberg, infiniplex_staircase_diamond, serial_bayou_shore_a
Depths:5: grunt_x_marks_the_spot, abyss_entry, pf_vacation_house_of_asmodeus,
          minmay_misc_feat_cross, hangedman_decor_riveting,
          hangedman_abyss_or_decor_stabs, minivault_11
Geh:3:    gehenna_fire_generator
Geh:5:    minmay_fire_ice_demons
Geh:6:    gehenna_fire_generator, gehenna_fire_generator
Geh:7:    geh_grunt
Tar:4:    nicolae_tar_cuneiform_bread, hangedman_tartarus_temple_path,
          nicolae_tar_cuneiform_oil
Tar:5:    lemuel_elevator
Tar:7:    tar_minmay_river
Zot:1:    circus_mu, zot_minivault_4
Zot:2:    gammafunk_its_a_trap
Zot:4:    kennysheep_six_static_rooms
Zot:5:    basic_stair_grate_trap
Abyss:1:  hangedman_abyss_or_decor_jellyfish_corner, hangedman_relentless_pull,
          evilmike_abyss_exit_8, evilmike_abyss_exit_9
Abyss:2:  evilmike_abyss_exit_12, abyss_greek_temple,
          evilmike_abyss_exit_mutagenic, minivault_19, bh_abyss_exit_grid,
          minivault_27, evilmike_abyss_exit_5, hangedman_abyss_or_decor_clamps,
          evilmike_abyss_exit_13
Abyss:3:  nicolae_abyss_rune_star_stuff, hangedman_steaming_rock,
          evilmike_abyss_exit_8
Abyss:4:  guppyfry_abyss_exit_glass_guarded, hangedman_abyss_rune_macabre_mess,
          evilmike_abyss_exit_3, evilmike_abyss_exit_plants
Trove:    trove_library
IceCv:    ice_cave_small_demon

Table legend:
 A = Turns spent in this place as a percentage of turns spent in the entire game.
 B = Non-inter-level travel turns spent in this place as a percentage of non-inter-level travel turns spent in the entire game.
 C = Inter-level travel turns spent in this place as a percentage of turns spent in this place.
 D = Turns resting spent in this place as a percentage of non-inter-level travel turns spent in this place.
 E = Turns spent auto-exploring this place as a percentage of non-inter-level travel turns spent in this place.
 F = Non-inter-level travel turns spent in this place divided by the number of levels of this place that you've seen.
                   A       B       C       D       E      F
               +-------+-------+-------+-------+-------+----------------------
         Total | 100.0 | 100.0 |  13.2 |  13.4 |  36.8 | 1137.0
       Dungeon |  18.0 |  13.2 |  36.5 |   8.9 |  61.5 | 967.6
        Temple |   0.2 |   0.2 |  14.8 |   0.0 |  97.8 | 224.0
          Lair |   7.5 |   7.5 |  13.6 |  12.2 |  44.6 | 1369.7
         Swamp |   2.8 |   2.9 |  12.6 |  11.7 |  58.4 | 790.5
   Spider Nest |   4.1 |   4.5 |   4.9 |  23.1 |  33.8 | 1243.8
    Slime Pits |   3.7 |   4.0 |   7.6 |  19.5 |  36.4 | 871.4
  Orcish Mines |   1.3 |   1.3 |  14.7 |  19.8 |  44.8 | 696.0
   Elven Halls |   4.4 |   4.5 |  11.6 |  19.9 |  42.1 | 1653.7
        Vaults |   8.0 |   7.5 |  18.7 |  15.6 |  39.5 | 1643.4
         Crypt |   3.4 |   3.7 |   3.4 |  10.8 |  45.1 | 1377.3
        Depths |   7.7 |   7.5 |  15.7 |  34.9 |  37.2 | 1650.6
          Hell |   1.0 |   1.0 |  11.1 |   1.4 |  26.3 | 1076.0
       Gehenna |   5.6 |   6.2 |   3.2 |   8.5 |  37.3 | 976.7
      Tartarus |   8.5 |   9.3 |   4.3 |   6.2 |  52.7 | 1471.6
           Zot |   5.9 |   6.0 |  10.7 |  29.0 |  35.5 | 1328.8
         Abyss |  17.6 |  20.3 |   0.0 |   4.5 |   4.6 | 1019.7
         Trove |   0.1 |   0.1 |   0.0 |   0.0 |   0.0 | 104.0
      Ice Cave |   0.4 |   0.4 |   0.0 |  25.0 |  21.3 | 492.0
               +-------+-------+-------+-------+-------+----------------------

Table legend:
 A = Kills in this place as a percentage of kills in entire the game.
 B = Kills by you in this place as a percentage of kills by you in the entire game.
 C = Kills by friends in this place as a percentage of kills by friends in the entire game.
 D = Other kills in this place as a percentage of other kills in the entire game.
 E = Experience gained in this place as a percentage of experience gained in the entire game.
 F = Experience gained in this place divided by the number of levels of this place that you have seen.
                   A       B       C       D       E      F
               +-------+-------+-------+-------+-------+----------------------
         Total | 100.0 | 100.0 | 100.0 | 100.0 | 100.0 | 46321.4
       Dungeon |   8.3 |   8.4 |   0.0 |   0.0 |   1.7 | 5029.1
          Lair |   3.3 |   3.4 |   0.0 |   0.0 |   1.4 | 10845.7
         Swamp |   1.7 |   1.7 |   0.0 |   0.0 |   1.2 | 13151.2
   Spider Nest |   4.1 |   4.2 |   0.0 |   0.0 |   2.7 | 30629.5
    Slime Pits |   2.8 |   2.9 |   0.0 |   3.3 |   3.0 | 27179.0
  Orcish Mines |   1.1 |   1.1 |   0.0 |   0.0 |   0.4 | 7893.0
   Elven Halls |   2.8 |   2.8 |   0.0 |   3.3 |   3.4 | 50313.7
        Vaults |   6.4 |   6.5 |   0.8 |   6.7 |   8.2 | 73540.6
         Crypt |   2.9 |   2.7 |  10.9 |   3.3 |   3.2 | 47823.7
        Depths |   3.9 |   4.0 |   0.0 |   3.3 |   5.6 | 50430.8
          Hell |   1.5 |   1.5 |   0.0 |   0.0 |   1.5 | 65379.0
       Gehenna |  11.2 |  11.1 |  13.4 |  23.3 |  10.4 | 66655.6
      Tartarus |  13.6 |  13.6 |  18.5 |   6.7 |  17.3 | 110995.0
           Zot |   2.8 |   2.5 |  21.0 |   6.7 |   8.8 | 79147.4
         Abyss |  33.3 |  33.2 |  35.3 |  43.3 |  31.2 | 63710.9
      Ice Cave |   0.4 |   0.4 |   0.0 |   0.0 |   0.1 | 5285.0
               +-------+-------+-------+-------+-------+----------------------
